Workbook

Sheet Übersicht
A1: Leistungsverzeichnis IT-Infrastruktur und Endgeräte – ESR-2026-0001
A4: Pos. | B4: Kategorie | C4: Komponente | D4: Kurzbeschreibung | E4: Menge | F4: Einheit | G4: Titel | H4: Tabellenblatt
A5: 1.1 | B5: Server | C5: Cluster-Knoten / Virtualisierungshost | D5: Windows Server Datacenter mit MS-SQL und Exchange-Lizenzen | E5: 2 | F5: Stück | G5: Titel 1 – Zentrale IT-Infrastruktur | H5: Cluster-Knoten
A6: 1.2 | B6: Storage | C6: Shared Block Storage | D6: Dual-Controller-FC-Storage | E6: 1 | F6: Stück | G6: Titel 1 – Zentrale IT-Infrastruktur | H6: Block-Storage
A7: 1.3 | B7: Server | C7: Backup-Server | D7: Windows Server Standard und Backup-Software für 5 Jahre | E7: 1 | F7: Stück | G7: Titel 1 – Zentrale IT-Infrastruktur | H7: Backup-Server
A8: 1.4 | B8: Backup/Storage | C8: Rack-NAS | D8: 2U-NAS | E8: 2 | F8: Stück | G8: Titel 1 – Zentrale IT-Infrastruktur | H8: Rack-NAS
A9: 1.5 | B9: Backup | C9: Offline-/Offsite-SSD | D9: Robuste 2-TB-SSD | E9: 5 | F9: Stück | G9: Titel 1 – Zentrale IT-Infrastruktur | H9: Offline-SSD
A10: 1.6 | B10: Serverzubehör | C10: 42-HE-Serverschrank (19 Zoll) | D10: Tiefe mindestens 1.200 mm, Lieferung und Montage einschließlich Zubehör | E10: 1 | F10: Pauschale | G10: Titel 1 – Zentrale IT-Infrastruktur | H10: Serverschrank-42HE
A11: 2.1 | B11: Security | C11: Hardware-Firewall-Appliance | D11: Physische Appliance mit Site-to-Site-VPN | E11: 2 | F11: Stück | G11: Titel 2 – Netzwerk und IT-Sicherheit | H11: Firewall
A12: 2.2 | B12: Netzwerk | C12: Core-/Aggregation-Switch | D12: 20 x 10G / 4 x 25G | E12: 1 | F12: Stück | G12: Titel 2 – Netzwerk und IT-Sicherheit | H12: Core-Switch
A13: 2.3 | B13: Netzwerk | C13: 48-Port Multi-Gigabit PoE-Switch | D13: 48 x 1GbE und 16 x PoE++ | E13: 7 | F13: Stück | G13: Titel 2 – Netzwerk und IT-Sicherheit | H13: 48-Port-PoE
A14: 2.4 | B14: WLAN | C14: WLAN Access Point Indoor | D14: Indoor-AP | E14: 34 | F14: Stück | G14: Titel 2 – Netzwerk und IT-Sicherheit | H14: WLAN-AP-Indoor
A15: 2.5 | B15: WLAN | C15: WLAN Access Point Outdoor | D15: Outdoor-AP | E15: 2 | F15: Stück | G15: Titel 2 – Netzwerk und IT-Sicherheit | H15: WLAN-AP-Outdoor
A16: 2.6 | B16: Netzwerk | C16: 5G-WAN-Fallback Outdoor | D16: Outdoor-5G-Failover | E16: 1 | F16: Stück | G16: Titel 2 – Netzwerk und IT-Sicherheit | H16: 5G-Router
... A28: 6.2 | B28: Dienstleistungen | C28: Dienstleistungspauschale außerhalb des Wartungsvertrags | D28: Flexibel abrufbare Dienstleistungen | E28: 100 | F28: Stunden | G28: Titel 6 – Betrieb, Wartung und Support | H28: Dienstleistungsstunden

Sheet Preisblatt
A1: Preisblatt – Gesamtvergabe in einem Los / 6 Titel
A2: Zusammenstellung der Netto-Angebotspreise | Wertungspreis inkl. maximaler Serviceoptionen
A5: Pos. | B5: Kategorie | C5: Komponente | D5: Menge | E5: Einheit | F5: Einzelpreis in Euro (netto) | G5: Gesamtpreis in Euro (netto)
A6: 1.1 | B6: Server | C6: Cluster-Knoten / Virtualisierungshost | D6: ='Cluster-Knoten'!F25 -> 2 | E6: ='Cluster-Knoten'!F26 -> Stück | F6: ='Cluster-Knoten'!F27 -> 0 | G6: ='Cluster-Knoten'!F28 -> 0
A7: 1.2 | B7: Storage | C7: Shared Block Storage | D7: ='Block-Storage'!F21 -> 1 | E7: ='Block-Storage'!F22 -> Stück | F7: ='Block-Storage'!F23 -> 0 | G7: ='Block-Storage'!F24 -> 0
A8: 1.3 | B8: Server | C8: Backup-Server | D8: ='Backup-Server'!F25 -> 1 | E8: ='Backup-Server'!F26 -> Stück | F8: ='Backup-Server'!F27 -> 0 | G8: ='Backup-Server'!F28 -> 0
A9: 1.4 | B9: Backup/Storage | C9: Rack-NAS | D9: ='Rack-NAS'!F20 -> 2 | E9: ='Rack-NAS'!F21 -> Stück | F9: ='Rack-NAS'!F22 -> 0 | G9: ='Rack-NAS'!F23 -> 0
A10: 1.5 | B10: Backup | C10: Offline-/Offsite-SSD | D10: ='Offline-SSD'!F15 -> 5 | E10: ='Offline-SSD'!F16 -> Stück | F10: ='Offline-SSD'!F17 -> 0 | G10: ='Offline-SSD'!F18 -> 0
A11: 1.6 | B11: Serverzubehör | C11: 42-HE-Serverschrank (19 Zoll), Zubehör, Lieferung und Montage | D11: ='Serverschrank-42HE'!F17 -> 1 | E11: ='Serverschrank-42HE'!F18 -> Pauschale | F11: ='Serverschrank-42HE'!F19 -> 0 | G11: ='Serverschrank-42HE'!F20 -> 0
C12: Summe Titel 1 | G12: =SUM(G6:G11) -> 0
A14: 2.1 | B14: Security | C14: Hardware-Firewall-Appliance | D14: =Firewall!F23 -> 2 | E14: =Firewall!F24 -> Stück | F14: =Firewall!F25 -> 0 | G14: =Firewall!F26 -> 0
A15: 2.2 | B15: Netzwerk | C15: Core-/Aggregation-Switch | D15: ='Core-Switch'!F25 -> 1 | E15: ='Core-Switch'!F26 -> Stück | F15: ='Core-Switch'!F27 -> 0 | G15: ='Core-Switch'!F28 -> 0
A16: 2.3 | B16: Netzwerk | C16: 48-Port Multi-Gigabit PoE-Switch | D16: ='48-Port-PoE'!F26 -> 7 | E16: ='48-Port-PoE'!F27 -> Stück | F16: ='48-Port-PoE'!F28 -> 0 | G16: ='48-Port-PoE'!F29 -> 0
A17: 2.4 | B17: WLAN | C17: WLAN Access Point Indoor | D17: ='WLAN-AP-Indoor'!F22 -> 34 | E17: ='WLAN-AP-Indoor'!F23 -> Stück | F17: ='WLAN-AP-Indoor'!F24 -> 0 | G17: ='WLAN-AP-Indoor'!F25 -> 0
A18: 2.5 | B18: WLAN | C18: WLAN Access Point Outdoor | D18: ='WLAN-AP-Outdoor'!F23 -> 2 | E18: ='WLAN-AP-Outdoor'!F24 -> Stück | F18: ='WLAN-AP-Outdoor'!F25 -> 0 | G18: ='WLAN-AP-Outdoor'!F26 -> 0
A19: 2.6 | B19: Netzwerk | C19: 5G-WAN-Fallback Outdoor | D19: ='5G-Router'!F21 -> 1 | E19: ='5G-Router'!F22 -> Stück | F19: ='5G-Router'!F23 -> 0 | G19: ='5G-Router'!F24 -> 0
A20: 2.7 | B20: Stromversorgung | C20: Online-USV 4.000 VA / 3.800 W | D20: =USV!F18 -> 2 | E20: =USV!F19 -> Stück | F20: =USV!F20 -> 0 | G20: =USV!F21 -> 0
C21: Summe Titel 2 | G21: =SUM(G14:G20) -> 0
A23: 3.1 | B23: Arbeitsplatz | C23: Micro-PC | D23: ='Micro-PC'!F24 -> 34 | E23: ='Micro-PC'!F25 -> Stück | F23: ='Micro-PC'!F26 -> 0 | G23: ='Micro-PC'!F27 -> 0
A24: 3.2 | B24: Monitor | C24: 27-Zoll-QHD-Monitor | D24: ='Monitor-27'!F22 -> 34 | E24: ='Monitor-27'!F23 -> Stück | F24: ='Monitor-27'!F24 -> 0 | G24: ='Monitor-27'!F25 -> 0
A25: 3.3 | B25: Monitor | C25: 34-Zoll-Ultrawide-Monitor | D25: ='Monitor-34'!F21 -> 3 | E25: ='Monitor-34'!F22 -> Stück | F25: ='Monitor-34'!F23 -> 0 | G25: ='Monitor-34'!F24 -> 0
A26: 3.4 | B26: Peripherie | C26: USB-C-Dockingstation | D26: =Dockingstation!F24 -> 3 | E26: =Dockingstation!F25 -> Stück | F26: =Dockingstation!F26 -> 0 | G26: =Dockingstation!F27 -> 0
A27: 3.5 | B27: Zubehör | C27: Laptop-Ständer Metall | D27: ='Laptop-Ständer'!F15 -> 3 | E27: ='Laptop-Ständer'!F16 -> Stück | F27: ='Laptop-Ständer'!F17 -> 0 | G27: ='Laptop-Ständer'!F18 -> 0
A28: 3.6 | B28: Notebook | C28: 14-Zoll-Business-Notebook | D28: ='Notebook-14'!F28 -> 3 | E28: ='Notebook-14'!F29 -> Stück | F28: ='Notebook-14'!F30 -> 0 | G28: ='Notebook-14'!F31 -> 0
A29: 3.7 | B29: Tablet | C29: Apple iPad Air 13 Zoll (M4) | D29: ='iPad-Air-13'!F24 -> 11 | E29: ='iPad-Air-13'!F25 -> Stück | F29: ='iPad-Air-13'!F26 -> 0 | G29: ='iPad-Air-13'!F27 -> 0
C30: Summe Titel 3 | G30: =SUM(G23:G29) -> 0
A32: 4.1 | B32: Sicherheit | C32: Sicherheitssoftware | D32: 1 | E32: Pauschale (Wertung max. 48 Monate) | F32: =Sicherheitssoftware!F37 -> 0 | G32: =Sicherheitssoftware!F37 -> 0
C33: Summe Titel 4 | G33: =SUM(G32:G32) -> 0
A35: 5.1 | B35: Dienstleistungen | C35: Planung, Installation und Dokumentation | D35: =Dienstleistungen!F13 -> 1 | E35: =Dienstleistungen!F14 -> Pauschale | F35: =Dienstleistungen!F15 -> 0 | G35: =Dienstleistungen!F16 -> 0
C36: Summe Titel 5 | G36: =SUM(G35:G35) -> 0
A38: 6.1 | B38: Dienstleistungen | C38: Wartungs- und Unterstützungsvertrag | D38: 1 | E38: Pauschale (Wertung max. 48 Monate) | F38: =Wartungsvertrag!F25 -> 0 | G38: =Wartungsvertrag!F25 -> 0
A39: 6.2 | B39: Dienstleistungen | C39: Dienstleistungspauschale außerhalb des Wartungsvertrags | D39: =Dienstleistungsstunden!F16 -> 100 | E39: =Dienstleistungsstunden!F17 -> Stunden | F39: =Dienstleistungsstunden!F18 -> 0 | G39: =Dienstleistungsstunden!F19 -> 0
C40: Summe Titel 6 | G40: =SUM(G38:G39) -> 0
C42: Gesamtpreis Angebot / Wertungspreis netto | G42: =SUM(G12,G21,G30,G33,G36,G40) -> 0
C43: MwSt | G43: =G42*0.19 -> 0
C44: Gesamtpreis brutto | G44: =SUM(G42:G43) -> 0
C46: WERTUNGSPREIS – Berechnungslogik
C47: Gesamtwertungspreis netto = Summe der sechs Titel einschließlich Position 1.6, aller Optionsjahre und 100 kalkulatorischer Zusatzstunden.

Sheet Cluster-Knoten
A1: 1.1 | Cluster-Knoten / Virtualisierungshost
A2: Menge: 2 Stück | Windows Server Datacenter und Exchange-Lizenzen
A3: Hersteller, Modell, SKU/Part Number und Datenblattnachweis sind zwingend anzugeben. Herstellerdatenblatt beifügen.
A5: Pos. | B5: Kategorie | C5: Technische Anforderung | D5: Mindestanforderung | E5: A/B Kriterium | F5: Bieterangabe
A6: 1 | B6: Produktangaben | C6: Hersteller | D6: Vollständiger Herstellername | E6: A | F6: Vom Bieter auszufüllen
A7: 2 | B7: Produktangaben | C7: Modell | D7: Vollständige Modellbezeichnung | E7: A | F7: Vom Bieter auszufüllen
A8: 3 | B8: Produktangaben | C8: SKU / Part Number | D8: Eindeutige SKU / Part Number; bei CTO-Konfiguration zusätzlich vollständige BOM | E8: A | F8: Vom Bieter auszufüllen
A9: 4 | B9: Produktangaben | C9: Datenblattnachweis | D9: Dateiname sowie Seite oder Abschnitt des beigefügten Herstellerdatenblatts | E9: A | F9: JA – Dateiname – Seite/Abschnitt
A10: 5 | B10: Hardware | C10: Baugröße | D10: Jeder Host muss in einer 1U Ausführung gebaut sein. Hosts die mehr als 1 HE benötigen sind nicht zugelassen aufgrund der bestehenden Platzbeschränkungen | E10: A
A11: 6 | B11: Hardware | C11: Rechenleistung | D11: Je Host 2 physische x86-64-Prozessoren, insgesamt mindestens 24 physische Kerne, 256 GB DDR5 ECC | E11: A
A12: 7 | B12: Hardware | C12: Boot/Netzwerk/SAN | D12: 2 x 960 GB SSD gespiegelt, 2 x 25GbE, 2 x 32G Fibre Channel und Zubehör | E12: A
A13: 8 | B13: Hardware | C13: Transceiver 32G Fibre Channel | D13: Inklusive 2 x 32G Fibre Channel Transceivern je Host | E13: A
A14: 9 | B14: Hardware | C14: Transceiver 25GbE | D14: Inklusive 2 x 25 GbE SFP28 Transceivern je Host | E14: A
A15: 10 | B15: Software | C15: Windows Server | D15: Microsoft Windows Server 2025 Datacenter, vollständige Core-Lizenzierung beider Hosts | E15: A
A16: 11 | B16: Software | C16: Exchange Server | D16: 2 x Microsoft Exchange Server Subscription Edition Serverlizenzen für zwei getrennte virtuelle Mailbox-Server, inklusive 3 Jahren SA | E16: A
A17: 12 | B17: Software | C17: Exchange User CALs | D17: 200 x Microsoft Exchange Server Standard User CALs | E17: A
A18: 13 | B18: Software | C18: Microsoft SQL Server | D18: 2 x Microsoft SQL Server Standard Edition, Core-lizenziert für jeweils 6 CPU-Kerne. Die Lösung muss den hochverfügbaren Betrieb der Datenbanken mittels SQL Server Always On Basic Availability Groups oder einer gleichwertigen Herstellerlösung ermöglichen. Inklusive 3 Jahren SA. | E18: A
A19: 14 | B19: Redundanz | C19: Stromversorgung | D19: Redundante Stromversorgung; Hot-Swap Fähig; N 1+1 | E19: A
A20: 15 | B20: Garantie/Support | C20: Herstellergarantie | D20: Mindestens 5 Jahre herstellerseitiger Premium-Support einschließlich Next Business Day Vor-Ort-Service (NBD Onsite). Nach bestätigter Fehlerdiagnose durch den Hersteller muss die Bearbeitung durch einen Servicetechniker spätestens am folgenden Werktag vor Ort erfolgen. Gleichwertige Supportmodelle sind zulässig. | E20: A
A21: 16 | B21: Garantie/Support | C21: Keep Your Drive | D21: Beim Ausfall / Austausch einer Festplatte innerhalb der Garantie bleibt selbige im Besitz des Kunden ohne Mehrkosten | E21: A
A22: 17 | B22: Inventarisierung | C22: Ausschlusskriterium | D22: Alle gelieferten Server-, Storage-, Netzwerk- und Sicherheitskomponenten sind vor der Inbetriebnahme dauerhaft und gut sichtbar zu inventarisieren. Die Kennzeichnung muss mindestens die von der Auftraggeberin bereitgestellte Inventarnummer sowie die jeweilige Management- bzw. Betriebs-IP-Adresse enthalten. Die Beschriftung ist in langlebiger, lesbarer Ausführung anzubringen und muss auch im eingebauten Zustand eindeutig erkennbar sein. Die Inventarisierungsdaten sind zusätzlich in der Projektdokumentation vollständig zu erfassen und zu übergeben. | E22: A
A24: Preisangaben
A25: 1 | B25: Preisangaben | C25: Menge | D25: Angebotsmenge gemäß Leistungsverzeichnis | F25: 2
A26: 2 | B26: Preisangaben | C26: Einheit | D26: Abrechnungseinheit gemäß Leistungsverzeichnis | F26: Stück
A27: 3 | B27: Preisangaben | C27: Einzelpreis in Euro (netto) | D27: Vom Bieter einzutragender Netto-Einzelpreis
A28: 4 | B28: Preisangaben | C28: Gesamtpreis in Euro (netto) | D28: Automatische Berechnung aus Menge × Einzelpreis | F28: =F25*F27 -> 0

Sheet Block-Storage
A1: 1.2 | Shared Block Storage
A2: Menge: 1 Stück | Dual-Controller-FC-Storage
A3: Hersteller, Modell, SKU/Part Number und Datenblattnachweis sind zwingend anzugeben. Herstellerdatenblatt beifügen.
A5: Pos. | B5: Kategorie | C5: Technische Anforderung | D5: Mindestanforderung | E5: A/B Kriterium | F5: Bieterangabe
A6: 1 | B6: Produktangaben | C6: Hersteller | D6: Vollständiger Herstellername | E6: A | F6: Vom Bieter auszufüllen
A7: 2 | B7: Produktangaben | C7: Modell | D7: Vollständige Modellbezeichnung | E7: A | F7: Vom Bieter auszufüllen
A8: 3 | B8: Produktangaben | C8: SKU / Part Number | D8: Eindeutige SKU / Part Number; bei CTO-Konfiguration zusätzlich vollständige BOM | E8: A | F8: Vom Bieter auszufüllen
A9: 4 | B9: Produktangaben | C9: Datenblattnachweis | D9: Dateiname sowie Seite oder Abschnitt des beigefügten Herstellerdatenblatts | E9: A | F9: JA – Dateiname – Seite/Abschnitt
A10: 5 | B10: Hardware | C10: Baugröße | D10: Storage muss in einer 2U Ausführung gebaut sein. Storage Einheiten die mehr als 2 HE benötigen sind nicht zugelassen aufgrund der bestehenden Platzbeschränkungen | E10: A
A11: 6 | B11: Controller | C11: Redundanz | D11: Zwei redundante Controller | E11: A
A12: 7 | B12: Redundanz | C12: Stromversorgung | D12: Redundante Stromversorgung; Hot-Swap Fähig; N 1+1 | E12: A
A13: 8 | B13: Datenträger | C13: SSD | D13: 5 x mindestens 1,92 TB Enterprise-SSD | E13: A
A14: 9 | B14: Anbindung | C14: Fibre Channel | D14: Redundante 32G-FC-Anbindung einschließlich HICs, SFPs und Kabel | E14: A
A15: 10 | B15: Datenschutz | C15: RAID | D15: Schutz gegen mindestens einen Laufwerksausfall | E15: A
A16: 11 | B16: Garantie/Support | C16: Herstellergarantie | D16: Mindestens 5 Jahre herstellerseitiger Premium-Support einschließlich Next Business Day Vor-Ort-Service (NBD Onsite). Nach bestätigter Fehlerdiagnose durch den Hersteller muss die Bearbeitung durch einen Servicetechniker spätestens am folgenden Werktag vor Ort erfolgen. Gleichwertige Supportmodelle sind zulässig. | E16: A
A17: 12 | B17: Garantie/Support | C17: Keep Your Drive | D17: Beim Ausfall / Austausch einer Festplatte innerhalb der Garantie bleibt selbige im Besitz des Kunden ohne Mehrkosten | E17: A
A18: 13 | B18: Inventarisierung | C18: Ausschlusskriterium | D18: Alle gelieferten Server-, Storage-, Netzwerk- und Sicherheitskomponenten sind vor der Inbetriebnahme dauerhaft und gut sichtbar zu inventarisieren. Die Kennzeichnung muss mindestens die von der Auftraggeberin bereitgestellte Inventarnummer sowie die jeweilige Management- bzw. Betriebs-IP-Adresse enthalten. Die Beschriftung ist in langlebiger, lesbarer Ausführung anzubringen und muss auch im eingebauten Zustand eindeutig erkennbar sein. Die Inventarisierungsdaten sind zusätzlich in der Projektdokumentation vollständig zu erfassen und zu übergeben. | E18: A
A20: Preisangaben
A21: 1 | B21: Preisangaben | C21: Menge | D21: Angebotsmenge gemäß Leistungsverzeichnis | F21: 1
A22: 2 | B22: Preisangaben | C22: Einheit | D22: Abrechnungseinheit gemäß Leistungsverzeichnis | F22: Stück
A23: 3 | B23: Preisangaben | C23: Einzelpreis in Euro (netto) | D23: Vom Bieter einzutragender Netto-Einzelpreis
A24: 4 | B24: Preisangaben | C24: Gesamtpreis in Euro (netto) | D24: Automatische Berechnung aus Menge × Einzelpreis | F24: =F21*F23 -> 0

Sheet Backup-Server
A1: 1.3 | Backup-Server
A2: Menge: 1 Stück | Windows Server Standard und Backup-Software für 5 Jahre
A3: Hersteller, Modell, SKU/Part Number und Datenblattnachweis sind zwingend anzugeben. Herstellerdatenblatt beifügen.
A5: Pos. | B5: Kategorie | C5: Technische Anforderung | D5: Mindestanforderung | E5: A/B Kriterium | F5: Bieterangabe
A6: 1 | B6: Produktangaben | C6: Hersteller | D6: Vollständiger Herstellername | E6: A | F6: Vom Bieter auszufüllen
A7: 2 | B7: Produktangaben | C7: Modell | D7: Vollständige Modellbezeichnung | E7: A | F7: Vom Bieter auszufüllen
A8: 3 | B8: Produktangaben | C8: SKU / Part Number | D8: Eindeutige SKU / Part Number; bei CTO-Konfiguration zusätzlich vollständige BOM | E8: A | F8: Vom Bieter auszufüllen
A9: 4 | B9: Produktangaben | C9: Datenblattnachweis | D9: Dateiname sowie Seite oder Abschnitt des beigefügten Herstellerdatenblatts | E9: A | F9: JA – Dateiname – Seite/Abschnitt
A10: 5 | B10: Hardware | C10: Baugröße | D10: Jeder Host muss in einer 1U Ausführung gebaut sein. Hosts die mehr als 1 HE benötigen sind nicht zugelassen aufgrund der bestehenden Platzbeschränkungen | E10: A
A11: 6 | B11: Hardware | C11: Basis | D11: Mindestens 12 physische Kerne, 32 GB ECC, 2 x 960 GB SSD gespiegelt und 2 x 25GbE | E11: A
A12: 7 | B12: Hardware | C12: Transceiver 25GbE | D12: Inklusive 2 x 25 GbE SFP28 Transceivern | E12: A
A13: 8 | B13: Software | C13: Betriebssystem | D13: Microsoft Windows Server 2025 Standard, vollständig core-lizenziert | E13: A
A14: 9 | B14: Software | C14: Backup | D14: 5 Jahre Lizenz für eine geeignete Backup-Software, inklusive Wartung und Support. Software muss hier benannt werden. | E14: A
A15: 10 | B15: Sicherung | C15: Hosts und VMs | D15: Imagebasierte, applikationskonsistente Sicherung beider Hosts und aller VMs | E15: A
A16: 11 | B16: Restore | C16: Einzeldateien | D16: Datei- und Ordnerwiederherstellung direkt aus VM-Backups | E16: A
A17: 12 | B17: Restore | C17: Instant Recovery | D17: Start einzelner VM-Backups direkt aus dem Repository als virtuelle Maschine auf einem geeigneten Zielhost der angebotenen Virtualisierungsplattform. | E17: A
A18: 13 | B18: Abnahme | C18: Tests | D18: Vollrestore, Einzeldateirestore und Instant Recovery praktisch testen | E18: A
A19: 14 | B19: Redundanz | C19: Stromversorgung | D19: Redundante Stromversorgung; Hot-Swap Fähig; N 1+1 | E19: A
A20: 15 | B20: Garantie/Support | C20: Herstellergarantie | D20: Mindestens 5 Jahre herstellerseitiger Premium-Support einschließlich Next Business Day Vor-Ort-Service (NBD Onsite). Nach bestätigter Fehlerdiagnose durch den Hersteller muss die Bearbeitung durch einen Servicetechniker spätestens am folgenden Werktag vor Ort erfolgen. Gleichwertige Supportmodelle sind zulässig. | E20: A
A21: 16 | B21: Garantie/Support | C21: Keep Your Drive | D21: Beim Ausfall / Austausch einer Festplatte innerhalb der Garantie bleibt selbige im Besitz des Kunden ohne Mehrkosten | E21: A
A22: 17 | B22: Inventarisierung | C22: Ausschlusskriterium | D22: Alle gelieferten Server-, Storage-, Netzwerk- und Sicherheitskomponenten sind vor der Inbetriebnahme dauerhaft und gut sichtbar zu inventarisieren. Die Kennzeichnung muss mindestens die von der Auftraggeberin bereitgestellte Inventarnummer sowie die jeweilige Management- bzw. Betriebs-IP-Adresse enthalten. Die Beschriftung ist in langlebiger, lesbarer Ausführung anzubringen und muss auch im eingebauten Zustand eindeutig erkennbar sein. Die Inventarisierungsdaten sind zusätzlich in der Projektdokumentation vollständig zu erfassen und zu übergeben. | E22: A
A24: Preisangaben
A25: 1 | B25: Preisangaben | C25: Menge | D25: Angebotsmenge gemäß Leistungsverzeichnis | F25: 1
A26: 2 | B26: Preisangaben | C26: Einheit | D26: Abrechnungseinheit gemäß Leistungsverzeichnis | F26: Stück
A27: 3 | B27: Preisangaben | C27: Einzelpreis in Euro (netto) | D27: Vom Bieter einzutragender Netto-Einzelpreis
A28: 4 | B28: Preisangaben | C28: Gesamtpreis in Euro (netto) | D28: Automatische Berechnung aus Menge × Einzelpreis | F28: =F25*F27 -> 0

Sheet Rack-NAS
A1: 1.4 | Rack-NAS
A2: Menge: 2 Stück | 2U-NAS
A3: Hersteller, Modell, SKU/Part Number und Datenblattnachweis sind zwingend anzugeben. Herstellerdatenblatt beifügen.
A5: Pos. | B5: Kategorie | C5: Technische Anforderung | D5: Mindestanforderung | E5: A/B Kriterium | F5: Bieterangabe
A6: 1 | B6: Produktangaben | C6: Hersteller | D6: Vollständiger Herstellername | E6: A | F6: Vom Bieter auszufüllen
A7: 2 | B7: Produktangaben | C7: Modell | D7: Vollständige Modellbezeichnung | E7: A | F7: Vom Bieter auszufüllen
A8: 3 | B8: Produktangaben | C8: SKU / Part Number | D8: Eindeutige SKU / Part Number; bei CTO-Konfiguration zusätzlich vollständige BOM | E8: A | F8: Vom Bieter auszufüllen
A9: 4 | B9: Produktangaben | C9: Datenblattnachweis | D9: Dateiname sowie Seite oder Abschnitt des beigefügten Herstellerdatenblatts | E9: A | F9: JA – Dateiname – Seite/Abschnitt
A10: 5 | B10: Hardware | C10: Baugröße | D10: Jeder Host muss in einer 2U Ausführung gebaut sein. Hosts die mehr als 2 HE benötigen sind nicht zugelassen aufgrund der bestehenden Platzbeschränkungen | E10: A
A11: 6 | B11: Hardware | C11: Basis | D11: 4 Kern Prozessor auf x86 Basis, 16 DDR4 ECC RAM | E11: A
A12: 7 | B12: Hardware | C12: Bestückung | D12: Mindestens 8 x 3,5" Bays, davon 4 x 4 TB NAS-HDD bestückt Mindestens 2 x M.2 2280 NVMe-SSD, davon 2 x 1 TB als Cache-SSD | E12: A
A13: 8 | B13: Netzwerk | C13: Ports | D13: Mindestens 2 x 2,5GbE und 1 x 10GbE | E13: A
A14: 9 | B14: Redundanz | C14: Stromversorgung | D14: Redundante Stromversorgung; Hot-Swap Fähig; N 1+1 | E14: A
A15: 10 | B15: Funktionen | C15: Speicher | D15: RAID, Snapshots, Verschlüsselung, SMB und iSCSI | E15: A
A16: 11 | B16: Garantie/Support | C16: Herstellergarantie | D16: Mindestens 5 Jahre Herstellergarantie einschließlich Hardware-Support ab Abnahme | E16: A
A17: 12 | B17: Inventarisierung | C17: Ausschlusskriterium | D17: Alle gelieferten Server-, Storage-, Netzwerk- und Sicherheitskomponenten sind vor der Inbetriebnahme dauerhaft und gut sichtbar zu inventarisieren. Die Kennzeichnung muss mindestens die von der Auftraggeberin bereitgestellte Inventarnummer sowie die jeweilige Management- bzw. Betriebs-IP-Adresse enthalten. Die Beschriftung ist in langlebiger, lesbarer Ausführung anzubringen und muss auch im eingebauten Zustand eindeutig erkennbar sein. Die Inventarisierungsdaten sind zusätzlich in der Projektdokumentation vollständig zu erfassen und zu übergeben. | E17: A
A19: Preisangaben
A20: 1 | B20: Preisangaben | C20: Menge | D20: Angebotsmenge gemäß Leistungsverzeichnis | F20: 2
A21: 2 | B21: Preisangaben | C21: Einheit | D21: Abrechnungseinheit gemäß Leistungsverzeichnis | F21: Stück
A22: 3 | B22: Preisangaben | C22: Einzelpreis in Euro (netto) | D22: Vom Bieter einzutragender Netto-Einzelpreis
A23: 4 | B23: Preisangaben | C23: Gesamtpreis in Euro (netto) | D23: Automatische Berechnung aus Menge × Einzelpreis | F23: =F20*F22 -> 0

Sheet Offline-SSD
A1: 1.5 | Offline-/Offsite-SSD
A2: Menge: 5 Stück | Robuste 2-TB-SSD
A3: Hersteller, Modell, SKU/Part Number und Datenblattnachweis sind zwingend anzugeben. Herstellerdatenblatt beifügen.
A5: Pos. | B5: Kategorie | C5: Technische Anforderung | D5: Mindestanforderung | E5: A/B Kriterium | F5: Bieterangabe
A6: 1 | B6: Produktangaben | C6: Hersteller | D6: Vollständiger Herstellername | E6: A | F6: Vom Bieter auszufüllen
A7: 2 | B7: Produktangaben | C7: Modell | D7: Vollständige Modellbezeichnung | E7: A | F7: Vom Bieter auszufüllen
A8: 3 | B8: Produktangaben | C8: SKU / Part Number | D8: Eindeutige SKU / Part Number; bei CTO-Konfiguration zusätzlich vollständige BOM | E8: A | F8: Vom Bieter auszufüllen
A9: 4 | B9: Produktangaben | C9: Datenblattnachweis | D9: Dateiname sowie Seite oder Abschnitt des beigefügten Herstellerdatenblatts | E9: A | F9: JA – Dateiname – Seite/Abschnitt
A10: 5 | B10: Speicher | C10: Kapazität | D10: Mindestens 2 TB | E10: A
A11: 6 | B11: Schnittstelle | C11: USB | D11: USB 3.2 Gen 2, USB-C und USB-A | E11: A
A12: 7 | B12: Robustheit | C12: Schutz | D12: Stoßgeschützt und mindestens IP65. Auf den Datenträgern gespeicherte Sicherungsdaten müssen verschlüsselt sein; Umsetzung und Schlüsselmanagement sind im Backup-/Betriebskonzept zu beschreiben. | E12: A
A14: Preisangaben
A15: 1 | B15: Preisangaben | C15: Menge | D15: Angebotsmenge gemäß Leistungsverzeichnis | F15: 5
A16: 2 | B16: Preisangaben | C16: Einheit | D16: Abrechnungseinheit gemäß Leistungsverzeichnis | F16: Stück
A17: 3 | B17: Preisangaben | C17: Einzelpreis in Euro (netto) | D17: Vom Bieter einzutragender Netto-Einzelpreis
A18: 4 | B18: Preisangaben | C18: Gesamtpreis in Euro (netto) | D18: Automatische Berechnung aus Menge × Einzelpreis | F18: =F15*F17 -> 0

Sheet Serverschrank-42HE
A1: 1.6 | 42-HE-Serverschrank (19 Zoll)
A2: Menge: 1 Pauschale | Serverschrank mit Zubehör, Lieferung und Montage
A3: Hersteller, Modell, Abmessungen, Traglast und Zubehörliste sind mit dem Angebot anzugeben.
A5: Pos. | B5: Kategorie | C5: Technische Anforderung | D5: Mindestanforderung | E5: A/B Kriterium | F5: Bieterangabe
A6: 1 | B6: Gehäuse | C6: Bauhöhe und Standard | D6: Mindestens 42 HE, 19-Zoll-Rack für Server-, Speicher- und Netzwerktechnik, mit Montageschienen und Erdung. | E6: A
A7: 2 | B7: Abmessung | C7: Bautiefe und Breite | D7: Außentiefe mindestens 1.200 mm, Außenbreite mindestens 800 mm; für aktuelle tiefe Server einschließlich Verkabelung geeignet. | E7: A
A8: 3 | B8: Belastung | C8: Tragfähigkeit | D8: Statische Traglast mindestens 800 kg; nutzbare Einbautiefe, Schienenverstellung und Gerätefreiraum anzugeben. | E8: A
A9: 4 | B9: Ausstattung | C9: Türen und Seitenwände | D9: Abschließbare, belüftete Front- und Rücktür, abnehmbare Seitenwände, Schlüssel und Nivellierfüße. | E9: A
A10: 5 | B10: Zubehör | C10: Montagematerial | D10: Fachübliche Kabelzuführung/-führung, Blindabdeckungen, Rangiermaterial, Käfigmuttern und notwendige Montagekleinteile enthalten. | E10: A
A11: 6 | B11: Stromverteilung | C11: Rack-PDU | D11: Mindestens zwei geeignete 19-Zoll-PDUs für die angebotenen Systeme und USV-Anschlüsse, einschließlich erforderlicher Anschlusskabel. | E11: A
A12: 7 | B12: Leistung | C12: Lieferung und Montage | D12: Lieferung, Einbringung, Aufstellung, Montage, Prüfung und Übergabe des betriebsbereiten Schranks einschließlich Zubehör im Pauschalpreis. | E12: A
A13: 8 | B13: Dokumentation | C13: Nachweis | D13: Hersteller, Modell, Abmessungen, Traglast und Zubehörliste mit dem Angebot angeben. | E13: A
A15: Preisangaben
A17: 1 | B17: Preisangaben | C17: Menge | D17: Angebotsmenge gemäß Leistungsverzeichnis | F17: 1
A18: 2 | B18: Preisangaben | C18: Einheit | D18: Abrechnungseinheit gemäß Leistungsverzeichnis | F18: Pauschale
A19: 3 | B19: Preisangaben | C19: Einzelpreis in Euro (netto) | D19: Vom Bieter einzutragender Netto-Einzelpreis
A20: 4 | B20: Preisangaben | C20: Gesamtpreis in Euro (netto) | D20: Automatische Berechnung aus Menge × Einzelpreis | F20: =F17*F19 -> 0

Sheet Firewall
A1: 2.1 | Hardware-Firewall-Appliance
A2: Menge: 2 Stück | Physische Appliance mit Site-to-Site-VPN
A3: Hersteller, Modell, SKU/Part Number und Datenblattnachweis sind zwingend anzugeben. Herstellerdatenblatt beifügen.
A5: Pos. | B5: Kategorie | C5: Technische Anforderung | D5: Mindestanforderung | E5: A/B Kriterium | F5: Bieterangabe
A6: 1 | B6: Produktangaben | C6: Hersteller | D6: Vollständiger Herstellername | E6: A | F6: Vom Bieter auszufüllen
A7: 2 | B7: Produktangaben | C7: Modell | D7: Vollständige Modellbezeichnung | E7: A | F7: Vom Bieter auszufüllen
A8: 3 | B8: Produktangaben | C8: SKU / Part Number | D8: Eindeutige SKU / Part Number; bei CTO-Konfiguration zusätzlich vollständige BOM | E8: A | F8: Vom Bieter auszufüllen
A9: 4 | B9: Produktangaben | C9: Datenblattnachweis | D9: Dateiname sowie Seite oder Abschnitt des beigefügten Herstellerdatenblatts | E9: A | F9: JA – Dateiname – Seite/Abschnitt
A10: 5 | B10: Bauart | C10: Appliance | D10: Zwei physische rackmontierbare Hardware-Appliances; als HA-Verbund mit automatischem Failover zu betreiben. | E10: A
A11: 6 | B11: Ports | C11: Netzwerk | D11: Mindestens 2 x 2,5GbE RJ45, 2 x 10GbE SFP+ und 2 x 25GbE SFP28 | E11: A
A12: 7 | B12: Leistung | C12: Durchsatz | D12: Mindestens 20 Gbit/s Firewall und 10 Gbit/s IDS/IPS | E12: A
A13: 8 | B13: VPN | C13: Site-to-Site | D13: IPsec-Site-to-Site-VPN ohne separate Lizenzkosten für 10 Jahre | E13: A
A14: 9 | B14: Redundanz | C14: Stromversorgung | D14: Redundante Versorgung | E14: A
A15: 10 | B15: Management | C15: Zentrale GUI | D15: Zentrale grafische Verwaltung für Konfiguration, Monitoring, Firmware, Alarmierung, Protokollierung und Rollen | E15: A
A16: 11 | B16: Lizenzierung | C16: Management | D16: Erforderliche Management-, Hosting-, Update- und Supportkosten für 10 Jahre vollständig enthalten | E16: A
A17: 12 | B17: Garantie/Support | C17: Herstellergarantie | D17: Mindestens 5 Jahre Herstellergarantie einschließlich Hardware-Support ab Abnahme | E17: A
A18: 13 | B18: Inventarisierung | C18: Ausschlusskriterium | D18: Alle gelieferten Server-, Storage-, Netzwerk- und Sicherheitskomponenten sind vor der Inbetriebnahme dauerhaft und gut sichtbar zu inventarisieren. Die Kennzeichnung muss mindestens die von der Auftraggeberin bereitgestellte Inventarnummer sowie die jeweilige Management- bzw. Betriebs-IP-Adresse enthalten. Die Beschriftung ist in langlebiger, lesbarer Ausführung anzubringen und muss auch im eingebauten Zustand eindeutig erkennbar sein. Die Inventarisierungsdaten sind zusätzlich in der Projektdokumentation vollständig zu erfassen und zu übergeben. | E18: A
A19: 14 | B19: Management | C19: Interoperabilität / Managementintegration | D19: Die angebotenen aktiven Netzwerkkomponenten dürfen herstellerübergreifend kombiniert werden. Voraussetzung ist eine technisch unterstützte Interoperabilität und Einbindung in das vorgesehene Betriebsmodell. Schnittstellen, Abhängigkeiten sowie Zuständigkeiten für Konfiguration, Monitoring, Firmware-/Updateverwaltung, Alarmierung, Protokollierung und Rollenverwaltung sind vollständig zu dokumentieren. | E19: A | F19: Vom Bieter zu bestätigen und zu erläutern
A20: 15 | B20: Management | C20: Integrationsgrad der Managementlösung | D20: Über die Mindestanforderung hinaus wird der systemweite Integrationsgrad der Administration über Firewall, Core/Aggregation, Access-Switches, WLAN und 5G-Fallback bewertet. Maßgeblich sind zentrale Sicht/Single Sign-on, Rollenverwaltung, Monitoring und Alarmierung, Protokollierung, Firmware-/Update-Management sowie dokumentierte Schnittstellen bzw. Automatisierungsmöglichkeiten. | E20: B-NW1 | F20: Beschreibung / Nachweis
A22: Preisangaben
A23: 1 | B23: Preisangaben | C23: Menge | D23: Angebotsmenge gemäß Leistungsverzeichnis | F23: 2
A24: 2 | B24: Preisangaben | C24: Einheit | D24: Abrechnungseinheit gemäß Leistungsverzeichnis | F24: Stück
A25: 3 | B25: Preisangaben | C25: Einzelpreis in Euro (netto) | D25: Vom Bieter einzutragender Netto-Einzelpreis
A26: 4 | B26: Preisangaben | C26: Gesamtpreis in Euro (netto) | D26: Automatische Berechnung aus Menge × Einzelpreis | F26: =F23*F25 -> 0

Sheet Core-Switch
A1: 2.2 | Core-/Aggregation-Switch
A2: Menge: 1 Stück | 20 x 10G / 4 x 25G
A3: Hersteller, Modell, SKU/Part Number und Datenblattnachweis sind zwingend anzugeben. Herstellerdatenblatt beifügen.
A5: Pos. | B5: Kategorie | C5: Technische Anforderung | D5: Mindestanforderung | E5: A/B Kriterium | F5: Bieterangabe
A6: 1 | B6: Produktangaben | C6: Hersteller | D6: Vollständiger Herstellername | E6: A | F6: Vom Bieter auszufüllen
A7: 2 | B7: Produktangaben | C7: Modell | D7: Vollständige Modellbezeichnung | E7: A | F7: Vom Bieter auszufüllen
A8: 3 | B8: Produktangaben | C8: SKU / Part Number | D8: Eindeutige SKU / Part Number; bei CTO-Konfiguration zusätzlich vollständige BOM | E8: A | F8: Vom Bieter auszufüllen
A9: 4 | B9: Produktangaben | C9: Datenblattnachweis | D9: Dateiname sowie Seite oder Abschnitt des beigefügten Herstellerdatenblatts | E9: A | F9: JA – Dateiname – Seite/Abschnitt
A10: 5 | B10: Ports | C10: 10GbE | D10: Mindestens 20 x SFP+. Höherwertige Anschlüsse sind zulässig sofern mit dem Rest der hardware kompatibel. Änderungen sind zwingend im Betriebskonzept zu erläutern. | E10: A
A11: 6 | B11: Ports | C11: Transceiver 10GbE | D11: Inklusive 20 x 10 GbE SFP+ Transceivern | E11: A
A12: 7 | B12: Ports | C12: 25GbE | D12: Mindestens 4 x SFP28. Höherwertige Anschlüsse sind zulässig, sofern mit dem Rest der Hardware kompatibel. Änderungen sind zwingend im Betriebskonzept zu erläutern. | E12: A
A13: 8 | B13: Ports | C13: Transceiver 25GbE | D13: Inklusive 4 x 25 GbE SFP28 Transceivern | E13: A
A14: 9 | B14: Kabel | C14: Glasfaser Patchkabel | D14: Es sind für alle Transceiver passende Patchkabel mit zu liefern in längen bis maximal 10 Meter. Die finalen Längen sind durch den AN selbst zu bestimmen da diese erst im laufe des Projektes und den Einbau der Hardware ersichtlich werden. Überlängen sind zu vermeiden. Die Patchpanel Seitigen Anschlüsse (LC, SC, ST) sind unterschiedlich und ebenfalls vom AN zu bestimmen und bei der Beschaffung der Patch Kabel zu beachten. Alle Patchkabel sind als OM4 Violett einzuplanen. | E14: A
A15: 10 | B15: Switching | C15: Leistung | D15: Mindestens 700 Gbit/s Switching, 350 Gbit/s Non-Blocking, 500 Mpps | E15: A
A16: 11 | B16: Redundanz | C16: Stromversorgung | D16: Zwei unabhängige, im Betrieb austauschbare Netzteile sind enthalten. Beide Netzteile werden an getrennte Strompfade bzw. USV-Anschlüsse angeschlossen. | E16: A
A17: 12 | B17: Management | C17: Zentrale GUI | D17: Zentrale grafische Verwaltung für Konfiguration, Monitoring, Firmware, Alarmierung, Protokollierung und Rollen | E17: A
A18: 13 | B18: Lizenzierung | C18: Management | D18: Erforderliche Management-, Hosting-, Update- und Supportkosten für 10 Jahre vollständig enthalten | E18: A
A19: 14 | B19: Garantie/Support | C19: Herstellergarantie | D19: Mindestens 5 Jahre Herstellergarantie einschließlich Hardware-Support ab Abnahme | E19: A
A20: 15 | B20: Inventarisierung | C20: Ausschlusskriterium | D20: Alle gelieferten Server-, Storage-, Netzwerk- und Sicherheitskomponenten sind vor der Inbetriebnahme dauerhaft und gut sichtbar zu inventarisieren. Die Kennzeichnung muss mindestens die von der Auftraggeberin bereitgestellte Inventarnummer sowie die jeweilige Management- bzw. Betriebs-IP-Adresse enthalten. Die Beschriftung ist in langlebiger, lesbarer Ausführung anzubringen und muss auch im eingebauten Zustand eindeutig erkennbar sein. Die Inventarisierungsdaten sind zusätzlich in der Projektdokumentation vollständig zu erfassen und zu übergeben. | E20: A
A21: 16 | B21: Management | C21: Interoperabilität / Managementintegration | D21: Die angebotenen aktiven Netzwerkkomponenten dürfen herstellerübergreifend kombiniert werden. Voraussetzung ist eine technisch unterstützte Interoperabilität und Einbindung in das vorgesehene Betriebsmodell. Schnittstellen, Abhängigkeiten sowie Zuständigkeiten für Konfiguration, Monitoring, Firmware-/Updateverwaltung, Alarmierung, Protokollierung und Rollenverwaltung sind vollständig zu dokumentieren. | E21: A | F21: Vom Bieter zu bestätigen und zu erläutern
A22: 17 | B22: Management | C22: Managementanbindung | D22: Die Komponente muss in das angebotene Management-/Monitoringkonzept integrierbar sein. Erforderliche Managementsysteme, Lizenzen und Schnittstellen sind anzugeben. Eine gesonderte Qualitätswertung erfolgt systemweit unter B-NW1. | E22: A | F22: Vom Bieter zu bestätigen
A24: Preisangaben
A25: 1 | B25: Preisangaben | C25: Menge | D25: Angebotsmenge gemäß Leistungsverzeichnis | F25: 1
A26: 2 | B26: Preisangaben | C26: Einheit | D26: Abrechnungseinheit gemäß Leistungsverzeichnis | F26: Stück
A27: 3 | B27: Preisangaben | C27: Einzelpreis in Euro (netto) | D27: Vom Bieter einzutragender Netto-Einzelpreis
A28: 4 | B28: Preisangaben | C28: Gesamtpreis in Euro (netto) | D28: Automatische Berechnung aus Menge × Einzelpreis | F28: =F25*F27 -> 0

Sheet 48-Port-PoE
A1: 2.3 | 48-Port Multi-Gigabit PoE-Switch
A2: Menge: 7 Stück | 48 x 1GbE und 16 x PoE++
A3: Hersteller, Modell, SKU/Part Number und Datenblattnachweis sind zwingend anzugeben. Herstellerdatenblatt beifügen.
A5: Pos. | B5: Kategorie | C5: Technische Anforderung | D5: Mindestanforderung | E5: A/B Kriterium | F5: Bieterangabe
A6: 1 | B6: Produktangaben | C6: Hersteller | D6: Vollständiger Herstellername | E6: A | F6: Vom Bieter auszufüllen
A7: 2 | B7: Produktangaben | C7: Modell | D7: Vollständige Modellbezeichnung | E7: A | F7: Vom Bieter auszufüllen
A8: 3 | B8: Produktangaben | C8: SKU / Part Number | D8: Eindeutige SKU / Part Number; bei CTO-Konfiguration zusätzlich vollständige BOM | E8: A | F8: Vom Bieter auszufüllen
A9: 4 | B9: Produktangaben | C9: Datenblattnachweis | D9: Dateiname sowie Seite oder Abschnitt des beigefügten Herstellerdatenblatts | E9: A | F9: JA – Dateiname – Seite/Abschnitt
A10: 5 | B10: Ports | C10: Access | D10: 48 RJ45, mindestens 1GbE | E10: A
A11: 6 | B11: Ports | C11: Uplinks | D11: Mindestens 4 x 10GbE SFP+ | E11: A
A12: 7 | B12: Ports | C12: Transceiver | D12: Inklusive 4 x 10 GbE SFP+ Transceivern | E12: A
A13: 8 | B13: PoE | C13: Verteilung | D13: 48 x PoE+, davon 16 x PoE++ mit mindestens 60 W | E13: A
A14: 9 | B14: PoE | C14: Budget | D14: Mindestens 700 W | E14: A
A15: 10 | B15: Kabel | C15: Farbkodierte Patchkabel | D15: Farbliche Kennzeichnung der Netzwerkanschlüsse: Zur Sicherstellung einer einheitlichen, übersichtlichen und wartungsfreundlichen Netzwerkstruktur sind Patchfelder, Datendosen und Patchkabel entsprechend einer verbindlichen Farbcodierung auszuführen. Orange ist für Backbone- und Uplink-Verbindungen zwischen Netzwerkverteilern und zentralen Komponenten zu verwenden. Schwarz kennzeichnet Server-, Storage- und sonstige Infrastrukturanschlüsse. Gelb ist für WLAN-Access-Points sowie weitere PoE-versorgte Endgeräte vorzusehen. Blau kennzeichnet das allgemeine Datennetz für Arbeitsplatzsysteme, Drucker und sonstige Standard-Endgeräte. Grün ist für sicherheitsrelevante Systeme wie Videoüberwachung, Zutrittskontrolle oder Alarmierungseinrichtungen zu verwenden. Weiß kennzeichnet Anschlüsse der IP-Telefonie und weiterer Sprachdienste. Die Farbcodierung ist durchgängig an allen Standorten einheitlich umzusetzen und zusätzlich durch eine dauerhafte Beschriftung der Ports und Anschlusspunkte zu ergänzen. Die Zuordnung der Anschlüsse ist in der Bestandsdokumentation nachvollziehbar zu dokumentieren. Alle Kabel sind im Angebot einzupreisen. | E15: A
A16: 11 | B16: Kabel | C16: Glasfaser Patchkabel | D16: Es sind für alle Transceiver passende Patchkabel mit zu liefern in längen bis maximal 10 Meter. Die finalen Längen sind durch den AN selbst zu bestimmen da diese erst im laufe des Projektes und den Einbau der Hardware ersichtlich werden. Überlängen sind zu vermeiden. Die Patchpanel Seitigen Anschlüsse (LC, SC, ST) sind unterschiedlich und ebenfalls vom AN zu bestimmen und bei der Beschaffung der Patch Kabel zu beachten. Alle Patchkabel sind als OM4 Violett einzuplanen. | E16: A
A17: 12 | B17: Redundanz | C17: Nachrüstbarkeit | D17: Redundante Vollversorgung ohne Switchtausch nachrüstbar; maximales PoE-Budget muss übernommen werden. Zweites Netzteil bevorzugt, gleichwertige externe Lösung zulässig. Bitte hier spezifizieren. | E17: A
A18: 13 | B18: Management | C18: Zentrale GUI | D18: Zentrale grafische Verwaltung für Konfiguration, Monitoring, Firmware, Alarmierung, Protokollierung und Rollen | E18: A
A19: 14 | B19: Lizenzierung | C19: Management | D19: Erforderliche Management-, Hosting-, Update- und Supportkosten für 10 Jahre vollständig enthalten | E19: A
A20: 15 | B20: Garantie/Support | C20: Herstellergarantie | D20: Mindestens 5 Jahre Herstellergarantie einschließlich Hardware-Support ab Abnahme | E20: A
A21: 16 | B21: Inventarisierung | C21: Ausschlusskriterium | D21: Alle gelieferten Server-, Storage-, Netzwerk- und Sicherheitskomponenten sind vor der Inbetriebnahme dauerhaft und gut sichtbar zu inventarisieren. Die Kennzeichnung muss mindestens die von der Auftraggeberin bereitgestellte Inventarnummer sowie die jeweilige Management- bzw. Betriebs-IP-Adresse enthalten. Die Beschriftung ist in langlebiger, lesbarer Ausführung anzubringen und muss auch im eingebauten Zustand eindeutig erkennbar sein. Die Inventarisierungsdaten sind zusätzlich in der Projektdokumentation vollständig zu erfassen und zu übergeben. | E21: A
A22: 17 | B22: Management | C22: Interoperabilität / Managementintegration | D22: Die angebotenen aktiven Netzwerkkomponenten dürfen herstellerübergreifend kombiniert werden. Voraussetzung ist eine technisch unterstützte Interoperabilität und Einbindung in das vorgesehene Betriebsmodell. Schnittstellen, Abhängigkeiten sowie Zuständigkeiten für Konfiguration, Monitoring, Firmware-/Updateverwaltung, Alarmierung, Protokollierung und Rollenverwaltung sind vollständig zu dokumentieren. | E22: A | F22: Vom Bieter zu bestätigen und zu erläutern
A23: 18 | B23: Management | C23: Managementanbindung | D23: Die Komponente muss in das angebotene Management-/Monitoringkonzept integrierbar sein. Erforderliche Managementsysteme, Lizenzen und Schnittstellen sind anzugeben. Eine gesonderte Qualitätswertung erfolgt systemweit unter B-NW1. | E23: A | F23: Vom Bieter zu bestätigen
A25: Preisangaben
A26: 1 | B26: Preisangaben | C26: Menge | D26: Angebotsmenge gemäß Leistungsverzeichnis | F26: 7
A27: 2 | B27: Preisangaben | C27: Einheit | D27: Abrechnungseinheit gemäß Leistungsverzeichnis | F27: Stück
A28: 3 | B28: Preisangaben | C28: Einzelpreis in Euro (netto) | D28: Vom Bieter einzutragender Netto-Einzelpreis
A29: 4 | B29: Preisangaben | C29: Gesamtpreis in Euro (netto) | D29: Automatische Berechnung aus Menge × Einzelpreis | F29: =F26*F28 -> 0

Sheet WLAN-AP-Indoor
A1: 2.4 | WLAN Access Point Indoor
A2: Menge: 34 Stück | Indoor-AP
A3: Hersteller, Modell, SKU/Part Number und Datenblattnachweis sind zwingend anzugeben. Herstellerdatenblatt beifügen.
A5: Pos. | B5: Kategorie | C5: Technische Anforderung | D5: Mindestanforderung | E5: A/B Kriterium | F5: Bieterangabe
A6: 1 | B6: Produktangaben | C6: Hersteller | D6: Vollständiger Herstellername | E6: A | F6: Vom Bieter auszufüllen
A7: 2 | B7: Produktangaben | C7: Modell | D7: Vollständige Modellbezeichnung | E7: A | F7: Vom Bieter auszufüllen
A8: 3 | B8: Produktangaben | C8: SKU / Part Number | D8: Eindeutige SKU / Part Number; bei CTO-Konfiguration zusätzlich vollständige BOM | E8: A | F8: Vom Bieter auszufüllen
A9: 4 | B9: Produktangaben | C9: Datenblattnachweis | D9: Dateiname sowie Seite oder Abschnitt des beigefügten Herstellerdatenblatts | E9: A | F9: JA – Dateiname – Seite/Abschnitt
A10: 5 | B10: Montage | C10: Innen | D10: Wand-/Deckenmontage | E10: A
A11: 6 | B11: WLAN | C11: Standard | D11: IEEE 802.11ax oder neuer, 2,4/5 GHz, bei angebotener Generation 6 GHz | E11: A
A12: 7 | B12: Sicherheit | C12: Enterprise | D12: WPA2/WPA3 Enterprise, 802.1X/RADIUS, VLAN je SSID | E12: A
A13: 8 | B13: Netzwerk | C13: Uplink | D13: Mindestens 2,5GbE und PoE | E13: A
A14: 9 | B14: Management | C14: Zentrale GUI | D14: Zentrale grafische Verwaltung für Konfiguration, Monitoring, Firmware, Alarmierung, Protokollierung und Rollen | E14: A
A15: 10 | B15: Lizenzierung | C15: Management | D15: Erforderliche Management-, Hosting-, Update- und Supportkosten für 10 Jahre vollständig enthalten | E15: A
A16: 11 | B16: Garantie/Support | C16: Herstellergarantie | D16: Mindestens 5 Jahre Herstellergarantie einschließlich Hardware-Support ab Abnahme | E16: A
A17: 12 | B17: Inventarisierung | C17: Ausschlusskriterium | D17: Alle gelieferten Server-, Storage-, Netzwerk- und Sicherheitskomponenten sind vor der Inbetriebnahme dauerhaft und gut sichtbar zu inventarisieren. Die Kennzeichnung muss mindestens die von der Auftraggeberin bereitgestellte Inventarnummer sowie die jeweilige Management- bzw. Betriebs-IP-Adresse enthalten. Die Beschriftung ist in langlebiger, lesbarer Ausführung anzubringen und muss auch im eingebauten Zustand eindeutig erkennbar sein. Die Inventarisierungsdaten sind zusätzlich in der Projektdokumentation vollständig zu erfassen und zu übergeben. | E17: A
A18: 13 | B18: Management | C18: Interoperabilität / Managementintegration | D18: Die angebotenen aktiven Netzwerkkomponenten dürfen herstellerübergreifend kombiniert werden. Voraussetzung ist eine technisch unterstützte Interoperabilität und Einbindung in das vorgesehene Betriebsmodell. Schnittstellen, Abhängigkeiten sowie Zuständigkeiten für Konfiguration, Monitoring, Firmware-/Updateverwaltung, Alarmierung, Protokollierung und Rollenverwaltung sind vollständig zu dokumentieren. | E18: A | F18: Vom Bieter zu bestätigen und zu erläutern
A19: 14 | B19: Management | C19: Managementanbindung | D19: Die Komponente muss in das angebotene Management-/Monitoringkonzept integrierbar sein. Erforderliche Managementsysteme, Lizenzen und Schnittstellen sind anzugeben. Eine gesonderte Qualitätswertung erfolgt systemweit unter B-NW1. | E19: A | F19: Vom Bieter zu bestätigen
A21: Preisangaben
A22: 1 | B22: Preisangaben | C22: Menge | D22: Angebotsmenge gemäß Leistungsverzeichnis | F22: 34
A23: 2 | B23: Preisangaben | C23: Einheit | D23: Abrechnungseinheit gemäß Leistungsverzeichnis | F23: Stück
A24: 3 | B24: Preisangaben | C24: Einzelpreis in Euro (netto) | D24: Vom Bieter einzutragender Netto-Einzelpreis
A25: 4 | B25: Preisangaben | C25: Gesamtpreis in Euro (netto) | D25: Automatische Berechnung aus Menge × Einzelpreis | F25: =F22*F24 -> 0

Sheet WLAN-AP-Outdoor
A1: 2.5 | WLAN Access Point Outdoor
A2: Menge: 2 Stück | Outdoor-AP
A3: Hersteller, Modell, SKU/Part Number und Datenblattnachweis sind zwingend anzugeben. Herstellerdatenblatt beifügen.
A5: Pos. | B5: Kategorie | C5: Technische Anforderung | D5: Mindestanforderung | E5: A/B Kriterium | F5: Bieterangabe
A6: 1 | B6: Produktangaben | C6: Hersteller | D6: Vollständiger Herstellername | E6: A | F6: Vom Bieter auszufüllen
A7: 2 | B7: Produktangaben | C7: Modell | D7: Vollständige Modellbezeichnung | E7: A | F7: Vom Bieter auszufüllen
A8: 3 | B8: Produktangaben | C8: SKU / Part Number | D8: Eindeutige SKU / Part Number; bei CTO-Konfiguration zusätzlich vollständige BOM | E8: A | F8: Vom Bieter auszufüllen
A9: 4 | B9: Produktangaben | C9: Datenblattnachweis | D9: Dateiname sowie Seite oder Abschnitt des beigefügten Herstellerdatenblatts | E9: A | F9: JA – Dateiname – Seite/Abschnitt
A10: 5 | B10: Schutz | C10: Outdoor | D10: Mindestens IP66 und -20 bis +50 Grad Celsius | E10: A
A11: 6 | B11: WLAN | C11: Standard | D11: IEEE 802.11ax oder neuer, 2,4/5 GHz, bei angebotener Generation 6 GHz | E11: A
A12: 7 | B12: Sicherheit | C12: Enterprise | D12: WPA2/WPA3 Enterprise, 802.1X/RADIUS, VLAN je SSID | E12: A
A13: 8 | B13: Netzwerk | C13: Uplink | D13: Mindestens 2,5GbE und PoE | E13: A
A14: 9 | B14: Management | C14: Zentrale GUI | D14: Zentrale grafische Verwaltung für Konfiguration, Monitoring, Firmware, Alarmierung, Protokollierung und Rollen | E14: A
A15: 10 | B15: Lizenzierung | C15: Management | D15: Erforderliche Management-, Hosting-, Update- und Supportkosten für 10 Jahre vollständig enthalten | E15: A
A16: 11 | B16: Garantie/Support | C16: Herstellergarantie | D16: Mindestens 5 Jahre Herstellergarantie einschließlich Hardware-Support ab Abnahme | E16: A
A17: 12 | B17: Inventarisierung | C17: Ausschlusskriterium | D17: Alle gelieferten Server-, Storage-, Netzwerk- und Sicherheitskomponenten sind vor der Inbetriebnahme dauerhaft und gut sichtbar zu inventarisieren. Die Kennzeichnung muss mindestens die von der Auftraggeberin bereitgestellte Inventarnummer sowie die jeweilige Management- bzw. Betriebs-IP-Adresse enthalten. Die Beschriftung ist in langlebiger, lesbarer Ausführung anzubringen und muss auch im eingebauten Zustand eindeutig erkennbar sein. Die Inventarisierungsdaten sind zusätzlich in der Projektdokumentation vollständig zu erfassen und zu übergeben. | E17: A
A18: 13 | B18: Montage | C18: Außen | D18: Mast-/Wandmontage, Erdung und Überspannungsschutz | E18: A
A19: 14 | B19: Management | C19: Interoperabilität / Managementintegration | D19: Die angebotenen aktiven Netzwerkkomponenten dürfen herstellerübergreifend kombiniert werden. Voraussetzung ist eine technisch unterstützte Interoperabilität und Einbindung in das vorgesehene Betriebsmodell. Schnittstellen, Abhängigkeiten sowie Zuständigkeiten für Konfiguration, Monitoring, Firmware-/Updateverwaltung, Alarmierung, Protokollierung und Rollenverwaltung sind vollständig zu dokumentieren. | E19: A | F19: Vom Bieter zu bestätigen und zu erläutern
A20: 15 | B20: Management | C20: Managementanbindung | D20: Die Komponente muss in das angebotene Management-/Monitoringkonzept integrierbar sein. Erforderliche Managementsysteme, Lizenzen und Schnittstellen sind anzugeben. Eine gesonderte Qualitätswertung erfolgt systemweit unter B-NW1. | E20: A | F20: Vom Bieter zu bestätigen
A22: Preisangaben
A23: 1 | B23: Preisangaben | C23: Menge | D23: Angebotsmenge gemäß Leistungsverzeichnis | F23: 2
A24: 2 | B24: Preisangaben | C24: Einheit | D24: Abrechnungseinheit gemäß Leistungsverzeichnis | F24: Stück
A25: 3 | B25: Preisangaben | C25: Einzelpreis in Euro (netto) | D25: Vom Bieter einzutragender Netto-Einzelpreis
A26: 4 | B26: Preisangaben | C26: Gesamtpreis in Euro (netto) | D26: Automatische Berechnung aus Menge × Einzelpreis | F26: =F23*F25 -> 0

Sheet 5G-Router
A1: 2.6 | 5G-WAN-Fallback Outdoor
A2: Menge: 1 Stück | Outdoor-5G-Failover
A3: Hersteller, Modell, SKU/Part Number und Datenblattnachweis sind zwingend anzugeben. Herstellerdatenblatt beifügen.
A5: Pos. | B5: Kategorie | C5: Technische Anforderung | D5: Mindestanforderung | E5: A/B Kriterium | F5: Bieterangabe
A6: 1 | B6: Produktangaben | C6: Hersteller | D6: Vollständiger Herstellername | E6: A | F6: Vom Bieter auszufüllen
A7: 2 | B7: Produktangaben | C7: Modell | D7: Vollständige Modellbezeichnung | E7: A | F7: Vom Bieter auszufüllen
A8: 3 | B8: Produktangaben | C8: SKU / Part Number | D8: Eindeutige SKU / Part Number; bei CTO-Konfiguration zusätzlich vollständige BOM | E8: A | F8: Vom Bieter auszufüllen
A9: 4 | B9: Produktangaben | C9: Datenblattnachweis | D9: Dateiname sowie Seite oder Abschnitt des beigefügten Herstellerdatenblatts | E9: A | F9: JA – Dateiname – Seite/Abschnitt
A10: 5 | B10: Mobilfunk | C10: 5G | D10: 5G SA/NSA mit LTE-Fallback. SIM und Datentarif werden bauseits bereitgestellt und sind nicht in den Angebotspreis einzurechnen. | E10: A
A11: 6 | B11: Bauform | C11: Outdoor | D11: Wetterfest | E11: A
A12: 7 | B12: Integration | C12: Failover | D12: Automatische Umschaltung/Rückschaltung mit Firewall | E12: A
A13: 8 | B13: Management | C13: Zentrale GUI | D13: Zentrale grafische Verwaltung für Konfiguration, Monitoring, Firmware, Alarmierung, Protokollierung und Rollen | E13: A
A14: 9 | B14: Lizenzierung | C14: Management | D14: Erforderliche Management-, Hosting-, Update- und Supportkosten für 10 Jahre vollständig enthalten | E14: A
A15: 10 | B15: Garantie/Support | C15: Herstellergarantie | D15: Mindestens 5 Jahre Herstellergarantie einschließlich Hardware-Support ab Abnahme | E15: A
A16: 11 | B16: Inventarisierung | C16: Ausschlusskriterium | D16: Alle gelieferten Server-, Storage-, Netzwerk- und Sicherheitskomponenten sind vor der Inbetriebnahme dauerhaft und gut sichtbar zu inventarisieren. Die Kennzeichnung muss mindestens die von der Auftraggeberin bereitgestellte Inventarnummer sowie die jeweilige Management- bzw. Betriebs-IP-Adresse enthalten. Die Beschriftung ist in langlebiger, lesbarer Ausführung anzubringen und muss auch im eingebauten Zustand eindeutig erkennbar sein. Die Inventarisierungsdaten sind zusätzlich in der Projektdokumentation vollständig zu erfassen und zu übergeben. | E16: A
A17: 12 | B17: Management | C17: Interoperabilität / Managementintegration | D17: Die angebotenen aktiven Netzwerkkomponenten dürfen herstellerübergreifend kombiniert werden. Voraussetzung ist eine technisch unterstützte Interoperabilität und Einbindung in das vorgesehene Betriebsmodell. Schnittstellen, Abhängigkeiten sowie Zuständigkeiten für Konfiguration, Monitoring, Firmware-/Updateverwaltung, Alarmierung, Protokollierung und Rollenverwaltung sind vollständig zu dokumentieren. | E17: A | F17: Vom Bieter zu bestätigen und zu erläutern
A18: 13 | B18: Management | C18: Managementanbindung | D18: Die Komponente muss in das angebotene Management-/Monitoringkonzept integrierbar sein. Erforderliche Managementsysteme, Lizenzen und Schnittstellen sind anzugeben. Eine gesonderte Qualitätswertung erfolgt systemweit unter B-NW1. | E18: A | F18: Vom Bieter zu bestätigen
A20: Preisangaben
A21: 1 | B21: Preisangaben | C21: Menge | D21: Angebotsmenge gemäß Leistungsverzeichnis | F21: 1
A22: 2 | B22: Preisangaben | C22: Einheit | D22: Abrechnungseinheit gemäß Leistungsverzeichnis | F22: Stück
A23: 3 | B23: Preisangaben | C23: Einzelpreis in Euro (netto) | D23: Vom Bieter einzutragender Netto-Einzelpreis
A24: 4 | B24: Preisangaben | C24: Gesamtpreis in Euro (netto) | D24: Automatische Berechnung aus Menge × Einzelpreis | F24: =F21*F23 -> 0

Sheet USV
A1: 2.7 | Online-USV 4.000 VA / 3.800 W
A2: Menge: 2 Stück | Online-USV
A3: Hersteller, Modell, SKU/Part Number und Datenblattnachweis sind zwingend anzugeben. Herstellerdatenblatt beifügen.
A5: Pos. | B5: Kategorie | C5: Technische Anforderung | D5: Mindestanforderung | E5: A/B Kriterium | F5: Bieterangabe
A6: 1 | B6: Produktangaben | C6: Hersteller | D6: Vollständiger Herstellername | E6: A | F6: Vom Bieter auszufüllen
A7: 2 | B7: Produktangaben | C7: Modell | D7: Vollständige Modellbezeichnung | E7: A | F7: Vom Bieter auszufüllen
A8: 3 | B8: Produktangaben | C8: SKU / Part Number | D8: Eindeutige SKU / Part Number; bei CTO-Konfiguration zusätzlich vollständige BOM | E8: A | F8: Vom Bieter auszufüllen
A9: 4 | B9: Produktangaben | C9: Datenblattnachweis | D9: Dateiname sowie Seite oder Abschnitt des beigefügten Herstellerdatenblatts | E9: A | F9: JA – Dateiname – Seite/Abschnitt
A10: 5 | B10: Topologie | C10: USV | D10: Online-Doppelwandler | E10: A
A11: 6 | B11: Hardware | C11: Baugröße | D11: USV muss in einer 4U Ausführung gebaut sein. USVs die mehr als 4 HE benötigen sind nicht zugelassen aufgrund der bestehenden Platzbeschränkungen | E11: A
A12: 7 | B12: Leistung | C12: Nennleistung | D12: Mindestens 4.000 VA / 3.800 W | E12: A
A13: 8 | B13: Laufzeit | C13: Autonomie | D13: Mindestens 10 Minuten bei 50 Prozent Last | E13: A
A14: 9 | B14: Management | C14: Netzwerk | D14: SNMP, Monitoring und geordnetes Herunterfahren | E14: A
A15: 10 | B15: Garantie/Support | C15: Herstellergarantie | D15: Mindestens 3 Jahre Herstellergarantie einschließlich Batterie ab Abnahme | E15: A
A17: Preisangaben
A18: 1 | B18: Preisangaben | C18: Menge | D18: Angebotsmenge gemäß Leistungsverzeichnis | F18: 2
A19: 2 | B19: Preisangaben | C19: Einheit | D19: Abrechnungseinheit gemäß Leistungsverzeichnis | F19: Stück
A20: 3 | B20: Preisangaben | C20: Einzelpreis in Euro (netto) | D20: Vom Bieter einzutragender Netto-Einzelpreis
A21: 4 | B21: Preisangaben | C21: Gesamtpreis in Euro (netto) | D21: Automatische Berechnung aus Menge × Einzelpreis | F21: =F18*F20 -> 0

Sheet Micro-PC
A1: 3.1 | Micro-PC
A2: Menge: 34 Stück | Kompakter Arbeitsplatz-PC
A3: Hersteller, Modell, SKU/Part Number und Datenblattnachweis sind zwingend anzugeben. Herstellerdatenblatt beifügen.
A5: Pos. | B5: Kategorie | C5: Technische Anforderung | D5: Mindestanforderung | E5: A/B Kriterium | F5: Bieterangabe
A6: 1 | B6: Produktangaben | C6: Hersteller | D6: Vollständiger Herstellername | E6: A | F6: Vom Bieter auszufüllen
A7: 2 | B7: Produktangaben | C7: Modell | D7: Vollständige Modellbezeichnung | E7: A | F7: Vom Bieter auszufüllen
A8: 3 | B8: Produktangaben | C8: SKU / Part Number | D8: Eindeutige SKU / Part Number; bei CTO-Konfiguration zusätzlich vollständige BOM | E8: A | F8: Vom Bieter auszufüllen
A9: 4 | B9: Produktangaben | C9: Datenblattnachweis | D9: Dateiname sowie Seite oder Abschnitt des beigefügten Herstellerdatenblatts | E9: A | F9: JA – Dateiname – Seite/Abschnitt
A10: 5 | B10: Bauform | C10: Gehäuse | D10: Micro-/Mini-PC, maximal 2 Liter, VESA-Montage | E10: A
A11: 6 | B11: Prozessor | C11: Leistung | D11: Leistungsklasse Intel Core Ultra 5 235T oder höherwertig | E11: A
A12: 7 | B12: Arbeitsspeicher | C12: RAM | D12: Mindestens 16 GB DDR5 | E12: A
A13: 8 | B13: Speicher | C13: SSD | D13: Mindestens 512 GB NVMe | E13: A
A14: 9 | B14: Software | C14: Betriebssystem | D14: Windows 11 Pro 64 Bit | E14: A
A15: 10 | B15: Garantie/Support | C15: Herstellergarantie | D15: Mindestens 5 Jahre Herstellergarantie einschließlich Hardware-Support ab Abnahme | E15: A
A16: 11 | B16: Garantie/Support | C16: Keep Your Drive | D16: Beim Ausfall / Austausch einer Festplatte innerhalb der Garantie bleibt selbige im Besitz des Kunden ohne Mehrkosten | E16: A
A17: 12 | B17: Management | C17: Client-Lifecycle-/Supportintegration | D17: Bewertet wird, in welchem Umfang Micro-PCs, Notebooks, Dockingstationen und Monitore als abgestimmte Arbeitsplatzlösung betrieben werden können. Maßgeblich sind nachgewiesene Kompatibilität, Treiber-/Firmwareversorgung, zentrale Inventarisierbarkeit, einheitliche Support- und Garantieprozesse sowie die langfristige Ersatzteil-/Modellstrategie. Herstelleridentität ist kein Wertungsmerkmal. | E17: B-CL1 | F17: Beschreibung / Nachweis
A18: 13 | B18: Inventarisierung | C18: Logo und Inventarnummer | D18: Vom Auftraggeber bereitgestelltes Logo und individuelle Inventarnummer dauerhaft, gut sichtbar und manipulationserschwerend am Gerät anbringen. Das Verfahren darf Funktion, Herstellergarantie oder vereinbarte Service-/Versicherungsleistungen nicht beeinträchtigen. Das konkrete Verfahren ist vom Bieter zu beschreiben. | E18: A
A19: 14 | B19: Inventarisierung | C19: Verfahrensangabe | D19: Bieter beschreibt Kennzeichnungsverfahren, Position, Technik/Material und Durchführung vor Auslieferung vollständig. | E19: A
A20: 15 | B20: Inventarisierung | C20: Eignung des Kennzeichnungsverfahrens | D20: Bieter begründet nachvollziehbar Dauerhaftigkeit, Lesbarkeit, Manipulationsschutz sowie die Vereinbarkeit mit Garantie/Herstellerservice. | E20: A
A21: 16 | B21: Inventarisierung | C21: Ausschlusskriterium | D21: Fehlt die konkrete Verfahrensangabe oder erfüllt das angebotene Verfahren die Mindestanforderung nicht, ist die Anforderung nicht erfüllt. Vor Ausschluss ist die vergaberechtlich zulässige Aufklärungs-/Nachforderungsmöglichkeit nach den Verfahrensregeln zu prüfen. | E21: A
A23: Preisangaben
A24: 1 | B24: Preisangaben | C24: Menge | D24: Angebotsmenge gemäß Leistungsverzeichnis | F24: 34
A25: 2 | B25: Preisangaben | C25: Einheit | D25: Abrechnungseinheit gemäß Leistungsverzeichnis | F25: Stück
A26: 3 | B26: Preisangaben | C26: Einzelpreis in Euro (netto) | D26: Vom Bieter einzutragender Netto-Einzelpreis
A27: 4 | B27: Preisangaben | C27: Gesamtpreis in Euro (netto) | D27: Automatische Berechnung aus Menge × Einzelpreis | F27: =F24*F26 -> 0

Sheet Monitor-27
A1: 3.2 | 27-Zoll-QHD-Monitor
A2: Menge: 34 Stück | 27 Zoll mit 100 Hz
A3: Hersteller, Modell, SKU/Part Number und Datenblattnachweis sind zwingend anzugeben. Herstellerdatenblatt beifügen.
A5: Pos. | B5: Kategorie | C5: Technische Anforderung | D5: Mindestanforderung | E5: A/B Kriterium | F5: Bieterangabe
A6: 1 | B6: Produktangaben | C6: Hersteller | D6: Vollständiger Herstellername | E6: A | F6: Vom Bieter auszufüllen
A7: 2 | B7: Produktangaben | C7: Modell | D7: Vollständige Modellbezeichnung | E7: A | F7: Vom Bieter auszufüllen
A8: 3 | B8: Produktangaben | C8: SKU / Part Number | D8: Eindeutige SKU / Part Number; bei CTO-Konfiguration zusätzlich vollständige BOM | E8: A | F8: Vom Bieter auszufüllen
A9: 4 | B9: Produktangaben | C9: Datenblattnachweis | D9: Dateiname sowie Seite oder Abschnitt des beigefügten Herstellerdatenblatts | E9: A | F9: JA – Dateiname – Seite/Abschnitt
A10: 5 | B10: Display | C10: Auflösung | D10: Mindestens 27 Zoll, 2.560 x 1.440 Pixel und 100 Hz | E10: A
A11: 6 | B11: Panel | C11: Technologie | D11: IPS oder gleichwertig | E11: A
A12: 7 | B12: Ergonomie | C12: Standfuß | D12: Höhenverstellung, Neigung, Schwenkung, Pivot | E12: A
A13: 8 | B13: Anschlüsse | C13: Video | D13: DisplayPort 1.4 und HDMI | E13: A
A14: 9 | B14: Garantie/Support | C14: Herstellergarantie | D14: Mindestens 5 Jahre Herstellergarantie einschließlich Hardware-Support ab Abnahme | E14: A
A15: 10 | B15: Management | C15: Kompatibilität / Support | D15: Die angebotene Komponente darf herstellerübergreifend gewählt werden. Sie muss mit der angebotenen Arbeitsplatzumgebung vollständig kompatibel sein; erforderliche Treiber/Firmware, Garantie- und Supportwege sowie Abhängigkeiten sind für den vorgesehenen Nutzungszeitraum nachvollziehbar sicherzustellen. | E15: A | F15: Vom Bieter zu bestätigen
A16: 11 | B16: Inventarisierung | C16: Logo und Inventarnummer | D16: Vom Auftraggeber bereitgestelltes Logo und individuelle Inventarnummer dauerhaft, gut sichtbar und manipulationserschwerend am Gerät anbringen. Das Verfahren darf Funktion, Herstellergarantie oder vereinbarte Service-/Versicherungsleistungen nicht beeinträchtigen. Das konkrete Verfahren ist vom Bieter zu beschreiben. | E16: A
A17: 12 | B17: Inventarisierung | C17: Verfahrensangabe | D17: Bieter beschreibt Kennzeichnungsverfahren, Position, Technik/Material und Durchführung vor Auslieferung vollständig. | E17: A
A18: 13 | B18: Inventarisierung | C18: Eignung des Kennzeichnungsverfahrens | D18: Bieter begründet nachvollziehbar Dauerhaftigkeit, Lesbarkeit, Manipulationsschutz sowie die Vereinbarkeit mit Garantie/Herstellerservice. | E18: A
A19: 14 | B19: Inventarisierung | C19: Ausschlusskriterium | D19: Fehlt die konkrete Verfahrensangabe oder erfüllt das angebotene Verfahren die Mindestanforderung nicht, ist die Anforderung nicht erfüllt. Vor Ausschluss ist die vergaberechtlich zulässige Aufklärungs-/Nachforderungsmöglichkeit nach den Verfahrensregeln zu prüfen. | E19: A
A21: Preisangaben
A22: 1 | B22: Preisangaben | C22: Menge | D22: Angebotsmenge gemäß Leistungsverzeichnis | F22: 34
A23: 2 | B23: Preisangaben | C23: Einheit | D23: Abrechnungseinheit gemäß Leistungsverzeichnis | F23: Stück
A24: 3 | B24: Preisangaben | C24: Einzelpreis in Euro (netto) | D24: Vom Bieter einzutragender Netto-Einzelpreis
A25: 4 | B25: Preisangaben | C25: Gesamtpreis in Euro (netto) | D25: Automatische Berechnung aus Menge × Einzelpreis | F25: =F22*F24 -> 0

Sheet Monitor-34
A1: 3.3 | 34-Zoll-Ultrawide-Monitor
A2: Menge: 3 Stück | 34 Zoll USB-C mit 100 Hz
A3: Hersteller, Modell, SKU/Part Number und Datenblattnachweis sind zwingend anzugeben. Herstellerdatenblatt beifügen.
A5: Pos. | B5: Kategorie | C5: Technische Anforderung | D5: Mindestanforderung | E5: A/B Kriterium | F5: Bieterangabe
A6: 1 | B6: Produktangaben | C6: Hersteller | D6: Vollständiger Herstellername | E6: A | F6: Vom Bieter auszufüllen
A7: 2 | B7: Produktangaben | C7: Modell | D7: Vollständige Modellbezeichnung | E7: A | F7: Vom Bieter auszufüllen
A8: 3 | B8: Produktangaben | C8: SKU / Part Number | D8: Eindeutige SKU / Part Number; bei CTO-Konfiguration zusätzlich vollständige BOM | E8: A | F8: Vom Bieter auszufüllen
A9: 4 | B9: Produktangaben | C9: Datenblattnachweis | D9: Dateiname sowie Seite oder Abschnitt des beigefügten Herstellerdatenblatts | E9: A | F9: JA – Dateiname – Seite/Abschnitt
A10: 5 | B10: Display | C10: Auflösung | D10: Mindestens 34 Zoll, 21:9, 3.440 x 1.440 und 100 Hz | E10: A
A11: 6 | B11: USB-C | C11: Docking | D11: DisplayPort Alternate Mode und mindestens 90 W Power Delivery | E11: A
A12: 7 | B12: Anschlüsse | C12: Video/USB | D12: DisplayPort, HDMI und USB-Hub | E12: A
A13: 8 | B13: Garantie/Support | C13: Herstellergarantie | D13: Mindestens 5 Jahre Herstellergarantie einschließlich Hardware-Support ab Abnahme | E13: A
A14: 9 | B14: Management | C14: Kompatibilität / Support | D14: Die angebotene Komponente darf herstellerübergreifend gewählt werden. Sie muss mit der angebotenen Arbeitsplatzumgebung vollständig kompatibel sein; erforderliche Treiber/Firmware, Garantie- und Supportwege sowie Abhängigkeiten sind für den vorgesehenen Nutzungszeitraum nachvollziehbar sicherzustellen. | E14: A | F14: Vom Bieter zu bestätigen
A15: 10 | B15: Inventarisierung | C15: Logo und Inventarnummer | D15: Vom Auftraggeber bereitgestelltes Logo und individuelle Inventarnummer dauerhaft, gut sichtbar und manipulationserschwerend am Gerät anbringen. Das Verfahren darf Funktion, Herstellergarantie oder vereinbarte Service-/Versicherungsleistungen nicht beeinträchtigen. Das konkrete Verfahren ist vom Bieter zu beschreiben. | E15: A
A16: 11 | B16: Inventarisierung | C16: Verfahrensangabe | D16: Bieter beschreibt Kennzeichnungsverfahren, Position, Technik/Material und Durchführung vor Auslieferung vollständig. | E16: A
A17: 12 | B17: Inventarisierung | C17: Eignung des Kennzeichnungsverfahrens | D17: Bieter begründet nachvollziehbar Dauerhaftigkeit, Lesbarkeit, Manipulationsschutz sowie die Vereinbarkeit mit Garantie/Herstellerservice. | E17: A
A18: 13 | B18: Inventarisierung | C18: Ausschlusskriterium | D18: Fehlt die konkrete Verfahrensangabe oder erfüllt das angebotene Verfahren die Mindestanforderung nicht, ist die Anforderung nicht erfüllt. Vor Ausschluss ist die vergaberechtlich zulässige Aufklärungs-/Nachforderungsmöglichkeit nach den Verfahrensregeln zu prüfen. | E18: A
A20: Preisangaben
A21: 1 | B21: Preisangaben | C21: Menge | D21: Angebotsmenge gemäß Leistungsverzeichnis | F21: 3
A22: 2 | B22: Preisangaben | C22: Einheit | D22: Abrechnungseinheit gemäß Leistungsverzeichnis | F22: Stück
A23: 3 | B23: Preisangaben | C23: Einzelpreis in Euro (netto) | D23: Vom Bieter einzutragender Netto-Einzelpreis
A24: 4 | B24: Preisangaben | C24: Gesamtpreis in Euro (netto) | D24: Automatische Berechnung aus Menge × Einzelpreis | F24: =F21*F23 -> 0

Sheet Dockingstation
A1: 3.4 | USB-C-Dockingstation
A2: Menge: 3 Stück | USB-C-Dock
A3: Hersteller, Modell, SKU/Part Number und Datenblattnachweis sind zwingend anzugeben. Herstellerdatenblatt beifügen.
A5: Pos. | B5: Kategorie | C5: Technische Anforderung | D5: Mindestanforderung | E5: A/B Kriterium | F5: Bieterangabe
A6: 1 | B6: Produktangaben | C6: Hersteller | D6: Vollständiger Herstellername | E6: A | F6: Vom Bieter auszufüllen
A7: 2 | B7: Produktangaben | C7: Modell | D7: Vollständige Modellbezeichnung | E7: A | F7: Vom Bieter auszufüllen
A8: 3 | B8: Produktangaben | C8: SKU / Part Number | D8: Eindeutige SKU / Part Number; bei CTO-Konfiguration zusätzlich vollständige BOM | E8: A | F8: Vom Bieter auszufüllen
A9: 4 | B9: Produktangaben | C9: Datenblattnachweis | D9: Dateiname sowie Seite oder Abschnitt des beigefügten Herstellerdatenblatts | E9: A | F9: JA – Dateiname – Seite/Abschnitt
A10: 5 | B10: Host | C10: Schnittstelle | D10: USB-C mit DisplayPort Alternate Mode und Power Delivery | E10: A
A11: 6 | B11: Stromversorgung | C11: Power Delivery | D11: Mindestens 100 W | E11: A
A12: 7 | B12: Video | C12: Ausgänge | D12: 2 x DisplayPort 1.4 und 1 x HDMI 2.1 | E12: A
A13: 8 | B13: Netzwerk | C13: Ethernet | D13: Mindestens 2,5GbE | E13: A
A14: 9 | B14: Kompatibilität | C14: Notebook | D14: Vollständig kompatibel mit angebotenem Notebook | E14: A
A15: 10 | B15: Zubehör | C15: Maus / Tastatur | D15: Inklusive einer Maus und Tastatur | E15: A
A16: 11 | B16: Garantie/Support | C16: Herstellergarantie | D16: Mindestens 5 Jahre Herstellergarantie einschließlich Hardware-Support ab Abnahme | E16: A
A17: 12 | B17: Management | C17: Kompatibilität / Support | D17: Die angebotene Komponente darf herstellerübergreifend gewählt werden. Sie muss mit der angebotenen Arbeitsplatzumgebung vollständig kompatibel sein; erforderliche Treiber/Firmware, Garantie- und Supportwege sowie Abhängigkeiten sind für den vorgesehenen Nutzungszeitraum nachvollziehbar sicherzustellen. | E17: A | F17: Vom Bieter zu bestätigen
A18: 13 | B18: Inventarisierung | C18: Logo und Inventarnummer | D18: Vom Auftraggeber bereitgestelltes Logo und individuelle Inventarnummer dauerhaft, gut sichtbar und manipulationserschwerend am Gerät anbringen. Das Verfahren darf Funktion, Herstellergarantie oder vereinbarte Service-/Versicherungsleistungen nicht beeinträchtigen. Das konkrete Verfahren ist vom Bieter zu beschreiben. | E18: A
A19: 14 | B19: Inventarisierung | C19: Verfahrensangabe | D19: Bieter beschreibt Kennzeichnungsverfahren, Position, Technik/Material und Durchführung vor Auslieferung vollständig. | E19: A
A20: 15 | B20: Inventarisierung | C20: Eignung des Kennzeichnungsverfahrens | D20: Bieter begründet nachvollziehbar Dauerhaftigkeit, Lesbarkeit, Manipulationsschutz sowie die Vereinbarkeit mit Garantie/Herstellerservice. | E20: A
A21: 16 | B21: Inventarisierung | C21: Ausschlusskriterium | D21: Fehlt die konkrete Verfahrensangabe oder erfüllt das angebotene Verfahren die Mindestanforderung nicht, ist die Anforderung nicht erfüllt. Vor Ausschluss ist die vergaberechtlich zulässige Aufklärungs-/Nachforderungsmöglichkeit nach den Verfahrensregeln zu prüfen. | E21: A
A23: Preisangaben
A24: 1 | B24: Preisangaben | C24: Menge | D24: Angebotsmenge gemäß Leistungsverzeichnis | F24: 3
A25: 2 | B25: Preisangaben | C25: Einheit | D25: Abrechnungseinheit gemäß Leistungsverzeichnis | F25: Stück
A26: 3 | B26: Preisangaben | C26: Einzelpreis in Euro (netto) | D26: Vom Bieter einzutragender Netto-Einzelpreis
A27: 4 | B27: Preisangaben | C27: Gesamtpreis in Euro (netto) | D27: Automatische Berechnung aus Menge × Einzelpreis | F27: =F24*F26 -> 0

Sheet Laptop-Ständer
A1: 3.5 | Laptop-Ständer Metall
A2: Menge: 3 Stück | Ergonomischer Notebookständer
A3: Hersteller, Modell, SKU/Part Number und Datenblattnachweis sind zwingend anzugeben. Herstellerdatenblatt beifügen.
A5: Pos. | B5: Kategorie | C5: Technische Anforderung | D5: Mindestanforderung | E5: A/B Kriterium | F5: Bieterangabe
A6: 1 | B6: Produktangaben | C6: Hersteller | D6: Vollständiger Herstellername | E6: A | F6: Vom Bieter auszufüllen
A7: 2 | B7: Produktangaben | C7: Modell | D7: Vollständige Modellbezeichnung | E7: A | F7: Vom Bieter auszufüllen
A8: 3 | B8: Produktangaben | C8: SKU / Part Number | D8: Eindeutige SKU / Part Number; bei CTO-Konfiguration zusätzlich vollständige BOM | E8: A | F8: Vom Bieter auszufüllen
A9: 4 | B9: Produktangaben | C9: Datenblattnachweis | D9: Dateiname sowie Seite oder Abschnitt des beigefügten Herstellerdatenblatts | E9: A | F9: JA – Dateiname – Seite/Abschnitt
A10: 5 | B10: Material | C10: Ausführung | D10: Metall- oder Aluminiumkonstruktion | E10: A
A11: 6 | B11: Kompatibilität | C11: Größe | D11: Für 13 bis 16 Zoll | E11: A
A12: 7 | B12: Ergonomie | C12: Verstellung | D12: Nicht Höhenverstellbar, Rückseite ca 15 cm hoch, nach vorne absinkend für einen einfachen Zugang zur Tastatur des Notebooks als Fallback | E12: A
A14: Preisangaben
A15: 1 | B15: Preisangaben | C15: Menge | D15: Angebotsmenge gemäß Leistungsverzeichnis | F15: 3
A16: 2 | B16: Preisangaben | C16: Einheit | D16: Abrechnungseinheit gemäß Leistungsverzeichnis | F16: Stück
A17: 3 | B17: Preisangaben | C17: Einzelpreis in Euro (netto) | D17: Vom Bieter einzutragender Netto-Einzelpreis
A18: 4 | B18: Preisangaben | C18: Gesamtpreis in Euro (netto) | D18: Automatische Berechnung aus Menge × Einzelpreis | F18: =F15*F17 -> 0

Sheet Notebook-14
A1: 3.6 | 14-Zoll-Business-Notebook
A2: Menge: 3 Stück | Aluminium-Notebook mit Windows Hello
A3: Hersteller, Modell, SKU/Part Number und Datenblattnachweis sind zwingend anzugeben. Herstellerdatenblatt beifügen.
A5: Pos. | B5: Kategorie | C5: Technische Anforderung | D5: Mindestanforderung | E5: A/B Kriterium | F5: Bieterangabe
A6: 1 | B6: Produktangaben | C6: Hersteller | D6: Vollständiger Herstellername | E6: A | F6: Vom Bieter auszufüllen
A7: 2 | B7: Produktangaben | C7: Modell | D7: Vollständige Modellbezeichnung | E7: A | F7: Vom Bieter auszufüllen
A8: 3 | B8: Produktangaben | C8: SKU / Part Number | D8: Eindeutige SKU / Part Number; bei CTO-Konfiguration zusätzlich vollständige BOM | E8: A | F8: Vom Bieter auszufüllen
A9: 4 | B9: Produktangaben | C9: Datenblattnachweis | D9: Dateiname sowie Seite oder Abschnitt des beigefügten Herstellerdatenblatts | E9: A | F9: JA – Dateiname – Seite/Abschnitt
A10: 5 | B10: Display | C10: Ausführung | D10: 14 Zoll, 16:10, mindestens 1.920 x 1.200 | E10: A
A11: 6 | B11: Gehäuse | C11: Material | D11: Aluminiumgehäuse oder Aluminium-Ober-/Unterschale | E11: A
A12: 7 | B12: Prozessor | C12: Leistung | D12: Leistungsklasse Intel Core Ultra 5 235U oder höherwertig | E12: A
A13: 8 | B13: Arbeitsspeicher | C13: RAM | D13: Mindestens 16 GB | E13: A
A14: 9 | B14: Speicher | C14: SSD | D14: Mindestens 512 GB NVMe | E14: A
A15: 10 | B15: Kamera | C15: Windows Hello | D15: Infrarotkamera | E15: A
A16: 11 | B16: Netzteil | C16: USB-C | D16: Passendes USB-C-Netzteil enthalten, mindestens 65 Watt | E16: A
A17: 12 | B17: Kompatibilität | C17: Dockingstation | D17: Vollständig kompatibel einschließlich Laden mit mindestens 90 W, Netzwerk, USB und Video | E17: A
A18: 13 | B18: Software | C18: Betriebssystem | D18: Windows 11 Pro 64 Bit | E18: A
A19: 14 | B19: Management | C19: Kompatibilität / Support | D19: Die angebotene Komponente darf herstellerübergreifend gewählt werden. Sie muss mit der angebotenen Arbeitsplatzumgebung vollständig kompatibel sein; erforderliche Treiber/Firmware, Garantie- und Supportwege sowie Abhängigkeiten sind für den vorgesehenen Nutzungszeitraum nachvollziehbar sicherzustellen. | E19: A | F19: Vom Bieter zu bestätigen
A20: 15 | B20: Garantie/Support | C20: Herstellergarantie | D20: Mindestens 5 Jahre Herstellergarantie einschließlich Hardware-Support ab Abnahme | E20: A
A21: 16 | B21: Garantie/Support | C21: Keep Your Drive | D21: Beim Ausfall / Austausch einer Festplatte innerhalb der Garantie bleibt selbige im Besitz des Kunden ohne Mehrkosten | E21: A
A22: 17 | B22: Inventarisierung | C22: Logo und Inventarnummer | D22: Vom Auftraggeber bereitgestelltes Logo und individuelle Inventarnummer dauerhaft, gut sichtbar und manipulationserschwerend am Gerät anbringen. Das Verfahren darf Funktion, Herstellergarantie oder vereinbarte Service-/Versicherungsleistungen nicht beeinträchtigen. Das konkrete Verfahren ist vom Bieter zu beschreiben. | E22: A
A23: 18 | B23: Inventarisierung | C23: Verfahrensangabe | D23: Bieter beschreibt Kennzeichnungsverfahren, Position, Technik/Material und Durchführung vor Auslieferung vollständig. | E23: A
A24: 19 | B24: Inventarisierung | C24: Eignung des Kennzeichnungsverfahrens | D24: Bieter begründet nachvollziehbar Dauerhaftigkeit, Lesbarkeit, Manipulationsschutz sowie die Vereinbarkeit mit Garantie/Herstellerservice. | E24: A
A25: 20 | B25: Inventarisierung | C25: Ausschlusskriterium | D25: Fehlt die konkrete Verfahrensangabe oder erfüllt das angebotene Verfahren die Mindestanforderung nicht, ist die Anforderung nicht erfüllt. Vor Ausschluss ist die vergaberechtlich zulässige Aufklärungs-/Nachforderungsmöglichkeit nach den Verfahrensregeln zu prüfen. | E25: A
A27: Preisangaben
A28: 1 | B28: Preisangaben | C28: Menge | D28: Angebotsmenge gemäß Leistungsverzeichnis | F28: 3
A29: 2 | B29: Preisangaben | C29: Einheit | D29: Abrechnungseinheit gemäß Leistungsverzeichnis | F29: Stück
A30: 3 | B30: Preisangaben | C30: Einzelpreis in Euro (netto) | D30: Vom Bieter einzutragender Netto-Einzelpreis
A31: 4 | B31: Preisangaben | C31: Gesamtpreis in Euro (netto) | D31: Automatische Berechnung aus Menge × Einzelpreis | F31: =F28*F30 -> 0

Sheet iPad-Air-13
A1: 3.7 | Apple iPad Air 13 Zoll (M4)
A2: Menge: 11 Stück | Produktscharf, 256 GB, Apple Pencil und Tastaturhülle
A3: Hersteller, Modell, SKU/Part Number und Datenblattnachweis sind zwingend anzugeben. Herstellerdatenblatt beifügen.
A5: Pos. | B5: Kategorie | C5: Technische Anforderung | D5: Mindestanforderung | E5: A/B Kriterium | F5: Bieterangabe
A6: 1 | B6: Produktangaben | C6: Hersteller | D6: Vollständiger Herstellername | E6: A | F6: Apple
A7: 2 | B7: Produktangaben | C7: Modell | D7: Vollständige Modellbezeichnung | E7: A | F7: iPad Air 13 Zoll (M4), 256 GB
A8: 3 | B8: Produktangaben | C8: SKU / Part Number | D8: Eindeutige SKU / Part Number; bei CTO-Konfiguration zusätzlich vollständige BOM | E8: A | F8: Exakte SKUs für iPad, Pencil, Tastaturhülle und Service
A9: 4 | B9: Produktangaben | C9: Datenblattnachweis | D9: Dateiname sowie Seite oder Abschnitt des beigefügten Herstellerdatenblatts | E9: A | F9: JA – Dateiname – Seite/Abschnitt
A10: 5 | B10: Produkt | C10: Hersteller/Modell | D10: Apple iPad Air 13 Zoll (M4), produktscharf. Bestehende Apple-Geräte und darauf ausgelegte Fachverfahren erfordern dieselbe Plattform für Verwaltung, App-Betrieb und Migration. | E10: A
A11: 6 | B11: Prozessor | C11: Chip | D11: Apple M4 | E11: A
A12: 7 | B12: Speicher | C12: Kapazität | D12: 256 GB | E12: A
A13: 8 | B13: Zubehör | C13: Apple Pencil | D13: Original Apple Pencil Pro, kompatibel zum iPad Air 13 Zoll (M4) | E13: A
A14: 9 | B14: Zubehör | C14: Tastaturhülle | D14: Hülle mit integrierter deutscher QWERTZ-Tastatur, Schutz von Vorder- und Rückseite und Standfunktion; Apple Magic Keyboard oder kompatible gleichwertige Hülle. Hersteller und Modell hier benennen | E14: A | F14: Vom Bieter auszufüllen
A15: 10 | B15: Zubehör | C15: Laden | D15: USB-C-Ladekabel und geeignetes USB-C-Netzteil enthalten | E15: A
A16: 11 | B16: MDM | C16: Lokal gehostetes MDM | D16: Alle Geräte müssen in einem neu anzulegenden Apple Business Manager registriert werden. Es muss zudem eine lokal (On-Premises) betreibbare MDM-Lösung ohne Cloud-Zwang in der eigenen neuen Infrastruktur betrieben werden und die zentrale Verwaltung von iOS, iPadOS, Android, Windows sowie weiteren Plattformen ermöglichen. Erforderlich sind rollenbasierte Administration, App- und Richtlinienverteilung, Mandantenfähigkeit für mehrere Einrichtungen, DSGVO-konforme Datenhaltung. Die Lizenzierung muss für jedes Gerät für 5 Jahre mit eingepreist werden. Das MDM hier namentlich benennen! | E16: A | F16: Vom Bieter auszufüllen
A17: 12 | B17: Service | C17: Abdeckung | D17: Inklusive AppleCare+ mit Diebstahl und Verlust für 5 Jahre je Gerät. Die Serviceabdeckung muss erweiterten Hardware-Service, technischen Support durch Apple, Reparatur- oder Austauschleistungen bei unbeabsichtigter Beschädigung sowie Ersatzleistungen bei Diebstahl oder Verlust gemäß den AppleCare+-Bedingungen umfassen. Die vollständigen Kosten für die gesamte Laufzeit sind im Angebot auszuweisen und einzupreisen. | E17: A
A18: 13 | B18: Inventarisierung | C18: Logo und Inventarnummer | D18: Vom Auftraggeber bereitgestelltes Logo und individuelle Inventarnummer dauerhaft, gut sichtbar und manipulationserschwerend am Gerät anbringen. Das Verfahren darf Funktion, Herstellergarantie oder vereinbarte Service-/Versicherungsleistungen nicht beeinträchtigen. Das konkrete Verfahren ist vom Bieter zu beschreiben. | E18: A
A19: 14 | B19: Inventarisierung | C19: Verfahrensangabe | D19: Bieter beschreibt Kennzeichnungsverfahren, Position, Technik/Material und Durchführung vor Auslieferung vollständig. | E19: A
A20: 15 | B20: Inventarisierung | C20: Eignung des Kennzeichnungsverfahrens | D20: Bieter begründet nachvollziehbar Dauerhaftigkeit, Lesbarkeit, Manipulationsschutz sowie die Vereinbarkeit mit Garantie/Herstellerservice. | E20: A
A21: 16 | B21: Inventarisierung | C21: Ausschlusskriterium | D21: Fehlt die konkrete Verfahrensangabe oder erfüllt das angebotene Verfahren die Mindestanforderung nicht, ist die Anforderung nicht erfüllt. Vor Ausschluss ist die vergaberechtlich zulässige Aufklärungs-/Nachforderungsmöglichkeit nach den Verfahrensregeln zu prüfen. | E21: A
A23: Preisangaben
A24: 1 | B24: Preisangaben | C24: Menge | D24: Angebotsmenge gemäß Leistungsverzeichnis | F24: 11
A25: 2 | B25: Preisangaben | C25: Einheit | D25: Abrechnungseinheit gemäß Leistungsverzeichnis | F25: Stück
A26: 3 | B26: Preisangaben | C26: Einzelpreis in Euro (netto) | D26: Vom Bieter einzutragender Netto-Einzelpreis
A27: 4 | B27: Preisangaben | C27: Gesamtpreis in Euro (netto) | D27: Automatische Berechnung aus Menge × Einzelpreis | F27: =F24*F26 -> 0

Sheet Sicherheitssoftware
A1: 4.1 | Sicherheitssoftware
A2: Menge: 1 Pauschale | Endpoint-Security, Patchmanagement, E-Mail-Security und Archivierung
A3: Hersteller, Modell, SKU/Part Number und Datenblattnachweis sind zwingend anzugeben. Herstellerdatenblatt beifügen.
A5: Pos. | B5: Kategorie | C5: Technische Anforderung | D5: Mindestanforderung | E5: A/B Kriterium | F5: Bieterangabe
A6: 1 | B6: Produktangaben | C6: Hersteller | D6: Vollständiger Herstellername | E6: A | F6: Vom Bieter auszufüllen
A7: 2 | B7: Produktangaben | C7: Modell | D7: Vollständige Modellbezeichnung | E7: A | F7: Vom Bieter auszufüllen
A8: 3 | B8: Endpoint Protection | C8: Bereitstellung einer zentral verwaltbaren Endpoint-Security-Lösung für sämtliche Clients und Server des Auftraggebers. | D8: Die Lösung muss mindestens einen aktuellen Viren-, Malware- und Ransomware-Schutz für Clients und Server bereitstellen. | E8: A
A9: 4 | B9: Lizenzumfang Endpoint | C9: Sämtliche vorhandenen und während der Vertragslaufzeit in Betrieb genommenen Clients und Server sind im angebotenen Lizenzumfang zu berücksichtigen. | D9: Alle Clients und Server des Auftraggebers müssen vollständig lizenziert sein. | E9: A
A10: 5 | B10: Cloud-Management | C10: Die Administration der Endpoint-Security-Lösung erfolgt über eine zentrale cloudbasierte Managementoberfläche. | D10: Sicherheitsstatus, Richtlinien, Ereignisse und Lizenzstatus aller Clients und Server müssen zentral einsehbar und verwaltbar sein. | E10: A
A11: 6 | B11: Malware-Schutz | C11: Die Lösung schützt vor Viren, Malware, Ransomware, dateilosen Angriffen und unbekannten Bedrohungen. | D11: Signaturbasierte und verhaltensbasierte Schutzmechanismen müssen kombiniert eingesetzt werden. | E11: A
A12: 7 | B12: EDR | C12: Bereitstellung von Endpoint-Detection-and-Response-Funktionen zur Erkennung, Analyse und Nachverfolgung sicherheitsrelevanter Ereignisse. | D12: Zentrale Ereignisanalyse, Alarmierung und nachvollziehbare Darstellung betroffener Endpunkte müssen vorhanden sein. | E12: A
A13: 8 | B13: Patchmanagement | C13: Zentrale Erkennung und Verteilung von Sicherheitsupdates für die eingesetzten Betriebssysteme und unterstützte Drittanbieteranwendungen. | D13: Patchrichtlinien, zeitgesteuerte Verteilung und eine zentrale Übersicht über fehlende und installierte Updates müssen vorhanden sein. | E13: A
A14: 9 | B14: Schwachstellenübersicht | C14: Zentrale Ermittlung fehlender Sicherheitsupdates und bekannter Schwachstellen auf Clients und Servern. | D14: Erkannte Schwachstellen und fehlende Aktualisierungen müssen systembezogen auswertbar sein. | E14: A
A15: 10 | B15: Reporting Endpoint | C15: Bereitstellung zentraler Berichte zum Sicherheits-, Bedrohungs-, Patch- und Gerätestatus. | D15: Berichte müssen über die Managementoberfläche abrufbar und exportierbar sein. | E15: A
A16: 11 | B16: Cloud-Mail-Security | C16: Bereitstellung eines cloudbasierten Viren-, Malware-, Phishing- und Spamschutzes für den ein- und ausgehenden E-Mail-Verkehr. | D16: Die Lösung muss den gesamten ein- und ausgehenden E-Mail-Verkehr der 200 Postfächer prüfen. | E16: A
A17: 12 | B17: Exchange-Anbindung | C17: Anbindung der Cloud-Mail-Security als eingehender und ausgehender Connector an den vorhandenen Exchange-Server. | D17: Die vollständige Konfiguration der Connectoren und des erforderlichen Mailflows muss im Angebot enthalten sein. | E17: A
A18: 13 | B18: Mail-Continuity | C18: Zwischenspeicherung eingehender E-Mails bei vorübergehender Nichtverfügbarkeit des Exchange-Servers. | D18: Zwischengespeicherte E-Mails müssen nach Wiederverfügbarkeit des Exchange-Servers automatisch zugestellt werden. | E18: A
A19: 14 | B19: Spam-Berichte | C19: Automatische Erstellung benutzerbezogener Berichte über zurückgehaltene oder als Spam erkannte E-Mails. | D19: Für die Benutzer müssen mindestens täglich Spam-Berichte bereitgestellt werden. | E19: A
... A27: 22 | B27: Pauschalpreis | C27: Für die vollständige Endpoint-Security, das Patchmanagement, die Cloud-Mail-Security, Mail-Continuity, Spam-Berichte, das Mail-Archiv sowie Konfiguration und Inbetriebnahme ist ein Gesamtpreis anzugeben. | D27: Der Preis der Grundlaufzeit sowie die verbindlichen Preise der drei Optionsjahre müssen sämtliche vorgenannten Leistungen und Lizenzierungen enthalten. Nachforderungen für erforderliche Standardleistungen sind ausgeschlossen. | E27: A
A29: Preisangaben
A30: 1 | B30: Preisangaben | C30: Pauschalpreis Grundlaufzeit (Monate 1-12) | D30: Vom Bieter einzutragender Netto-Gesamtpreis für die Grundlaufzeit einschließlich aller geforderten Lizenzen, Dienste, Konfiguration und Inbetriebnahme
A31: 2 | B31: Preisangaben | C31: Pauschalpreis Option 1 (Monate 13-24) | D31: Verbindlicher Netto-Gesamtpreis bei Ausübung der 1. Verlängerungsoption
A32: 3 | B32: Preisangaben | C32: Pauschalpreis Option 2 (Monate 25-36) | D32: Verbindlicher Netto-Gesamtpreis bei Ausübung der 2. Verlängerungsoption
A33: 4 | B33: Preisangaben | C33: Pauschalpreis Option 3 (Monate 37-48) | D33: Verbindlicher Netto-Gesamtpreis bei Ausübung der 3. Verlängerungsoption
A35: 5 | B35: Preisangaben | C35: Wertungspreis Security-Software (max. 48 Monate) | D35: Summe aus Grundlaufzeit und sämtlichen Optionsjahren; dient der Angebotswertung, ohne Verpflichtung des Auftraggebers zur Ausübung der Optionen. | F35: =SUM(F30:F33) -> 0
A36: 6 | B36: Preisangaben | C36: Hinweis | D36: Die Optionspreise müssen die Fortführung sämtlicher für den Regelbetrieb erforderlichen Lizenzen/Subskriptionen abdecken. Etwaige Preisänderungsmechanismen sind nur zulässig, wenn sie in den Vergabeunterlagen ausdrücklich vorgesehen sind.
A37: 7 | B37: Preisangaben | C37: Wertungspreis / Übertrag Preisblatt | D37: Für das Preisblatt maßgeblicher Wertungspreis für die maximal mögliche Vertragslaufzeit. | F37: =F35 -> 0

Sheet Dienstleistungen
A1: 5.1 | Planung, Installation und Dokumentation
A2: Menge: 1 Pauschale | Betriebsbereite Einführung
A5: Pos. | B5: Kategorie | C5: Technische Anforderung | D5: Mindestanforderung | E5: A/B Kriterium | F5: Bieterangabe
A6: 1 | B6: Planung | C6: Feinkonzept | D6: Rack-, Netzwerk-, Server-, Backup-, Arbeitsplatz- und Rolloutkonzept | E6: A
A7: 2 | B7: Installation Server | C7: Inbetriebnahme | D7: Montage, Verkabelung, Firmware, Betriebssysteme und Konfiguration. Alle virtuellen Maschinen sind gemäß der Projektbeschreibung zu installieren und für die Softwareinstallation vorzubereiten. | E7: A
A8: 3 | B8: Installation Client Hardware | C8: Inbetriebnahme | D8: Montage, Verkabelung, Installation der Betriebssysteme und Konfiguration. Alle Geräte müssen in die Domäne aufgenommen oder in das entsprechende MDM eingebunden werden. | E8: A
A9: 4 | B9: Datenmigration | C9: Umsetzung | D9: Der Auftragnehmer bepreist die technische Zielplattform, Standarddienstmigration einschließlich Druckdiensteinbindung vorhandener bauseitiger MFP-Geräte, Systemeinrichtung, Konfiguration, Tests, Inbetriebnahme und Betriebsübergabe einschließlich Koordination und technischer Mitwirkung bei den in 3.01 namentlich genannten Fachanwendungen. Proprietäre Installation, Datenkonvertierung/-migration und hierfür benötigte Bestandslizenzen der Fachanwendungshersteller bzw. autorisierten Partner beauftragt und bezahlt die Auftraggeberin direkt; diese Leistungen gehören nicht zum Angebotspreis. Nicht benannte Fachverfahren sind nicht Bestandteil der Pauschale 5.1. Zusätzliche technische Mitwirkung nur nach gesondertem Abruf zu 6.2. Der Bieter legt Verantwortlichkeiten, Voraussetzungen, Abhängigkeiten, Zeitplan, Risiken, Tests und Rückfall im Migrationskonzept dar. | E9: A
A10: 5 | B10: Inventarisierung | C10: Umsetzung | D10: Alle Benutzergeräte vor Auslieferung gemäß Komponentenblättern dauerhaft kennzeichnen; Inventarliste mit Seriennummer, Hersteller, Modell, SKU und Inventarnummer übergeben. | E10: A
A12: Preisangaben
A13: 1 | B13: Preisangaben | C13: Menge | D13: Angebotsmenge gemäß Leistungsverzeichnis | F13: 1
A14: 2 | B14: Preisangaben | C14: Einheit | D14: Abrechnungseinheit gemäß Leistungsverzeichnis | F14: Pauschale
A15: 3 | B15: Preisangaben | C15: Einzelpreis in Euro (netto) | D15: Vom Bieter einzutragender Netto-Einzelpreis
A16: 4 | B16: Preisangaben | C16: Gesamtpreis in Euro (netto) | D16: Automatische Berechnung aus Menge × Einzelpreis | F16: =F13*F15 -> 0

Sheet Wartungsvertrag
A1: 6.1 | Wartungs- und Unterstützungsvertrag
A2: Grundlaufzeit: 12 Monate | 3 Verlängerungsoptionen à 12 Monate | maximale Gesamtlaufzeit 48 Monate | Feste Monatspauschale mit SLA
A5: Pos. | B5: Kategorie | C5: Technische Anforderung | D5: Mindestanforderung | E5: A/B Kriterium | F5: Bieterangabe
A6: 1 | B6: Vertragslaufzeit | C6: Laufzeit | D6: 12 Monate ab Abnahme bzw. Übergang in den Regelbetrieb; Verlängerungsoption des Auftraggebers bis zu dreimal um jeweils weitere 12 Monate; maximale Gesamtlaufzeit 48 Monate. Ein Anspruch des Auftragnehmers auf Ausübung einer Verlängerungsoption besteht nicht. | E6: A
A7: 2 | B7: Vergütung | C7: Monatspauschale | D7: Für Grundlaufzeit und jede ausgeübte Verlängerungsoption gilt jeweils der verbindlich angebotene Monatspreis. Der Preis bleibt innerhalb des jeweiligen 12-Monats-Zeitraums fest und umfasst sämtliche Leistungen, Anfahrt, Fahrtzeit, Reise- und Nebenkosten. | E7: A
A8: 3 | B8: Regelleistung | C8: Wartungstag | D8: Ein fester Werktag je Woche, Techniker bis zu 8 Stunden vor Ort | E8: A
A9: 4 | B9: Zusatzleistung | C9: Einsätze | D9: Bis zu 4 Einsätze je Monat nach Bedarf; je Vor-Ort-Einsatz Anfahrt und maximal 1 Stunde Vor-Ort-Leistung enthalten | E9: A
A10: 5 | B10: SLA | C10: Level 1 – Kritische Störung (ohne Umgehungsmöglichkeit) | D10: Kritische Störung ohne praktikable Umgehungslösung. Qualifizierter Bearbeitungsbeginn innerhalb von maximal 1 Stunde nach Meldung innerhalb der vereinbarten Servicezeit. Wiederherstellungsziel bzw. zulässiger Workaround ist im Betriebskonzept verbindlich anzugeben. | E10: A
A11: 6 | B11: SLA | C11: Level 2 – Hohe Störung | D11: Hohe Störung mit erheblicher Beeinträchtigung wichtiger Funktionen. Qualifizierter Bearbeitungsbeginn innerhalb von maximal 4 Stunden nach Meldung innerhalb der vereinbarten Servicezeit. Wiederherstellungsziel bzw. Workaround ist im Betriebskonzept verbindlich anzugeben. | E11: A
A12: 7 | B12: SLA | C12: Level 3 – Mittlere Störung | D12: Mittlere Störung mit begrenzten Auswirkungen auf einzelne Funktionen oder Benutzergruppen. Qualifizierter Bearbeitungsbeginn innerhalb von maximal 8 Stunden nach Meldung innerhalb der vereinbarten Servicezeit. Wiederherstellungsziel ist im Betriebskonzept verbindlich anzugeben. | E12: A
A13: 8 | B13: SLA | C13: Level 4 – Geringfügige Störung oder Service Anfrage | D13: Geringfügige Störung oder Serviceanfrage ohne wesentliche Auswirkungen auf den laufenden Betrieb. Qualifizierter Bearbeitungsbeginn spätestens am nächsten Geschäftstag innerhalb der vereinbarten Servicezeit. | E13: A
A14: 9 | B14: SLA | C14: Ersatzteile | D14: Nachweisbare Wartezeit auf nicht vor Ort liegender Ersatzteile wird nicht angerechnet | E14: A
A15: 10 | B15: SLA / Servicezeit | C15: Servicefenster | D15: Servicefenster: Level 1 durchgehend 24/7; Level 2–4 Montag bis Freitag 07:00–18:00 Uhr, ausgenommen gesetzliche Feiertage in Hessen. | E15: A
A16: Preisangaben
A17: 1 | B17: Preisangaben | C17: Monatspreis Grundlaufzeit (Monate 1-12) | D17: Vom Bieter einzutragender Netto-Monatspreis für die Grundlaufzeit
A18: 2 | B18: Preisangaben | C18: Gesamtpreis Grundlaufzeit | D18: 12 × Monatspreis Grundlaufzeit | F18: =12*F17 -> 0
A19: 3 | B19: Preisangaben | C19: Monatspreis Option 1 (Monate 13-24) | D19: Verbindlicher Netto-Monatspreis bei Ausübung der 1. Verlängerungsoption
A20: 4 | B20: Preisangaben | C20: Gesamtpreis Option 1 | D20: 12 × Monatspreis Option 1 | F20: =12*F19 -> 0
A21: 5 | B21: Preisangaben | C21: Monatspreis Option 2 (Monate 25-36) | D21: Verbindlicher Netto-Monatspreis bei Ausübung der 2. Verlängerungsoption
A22: 6 | B22: Preisangaben | C22: Gesamtpreis Option 2 | D22: 12 × Monatspreis Option 2 | F22: =12*F21 -> 0
A23: 7 | B23: Preisangaben | C23: Monatspreis Option 3 (Monate 37-48) | D23: Verbindlicher Netto-Monatspreis bei Ausübung der 3. Verlängerungsoption
A24: 8 | B24: Preisangaben | C24: Gesamtpreis Option 3 | D24: 12 × Monatspreis Option 3 | F24: =12*F23 -> 0
A25: 9 | B25: Preisangaben | C25: Wertungspreis Wartungsvertrag (max. 48 Monate) | D25: Summe aus Grundlaufzeit und sämtlichen Optionsjahren; dient der Angebotswertung, ohne Verpflichtung des Auftraggebers zur Ausübung der Optionen. | F25: =SUM(F18,F20,F22,F24) -> 0

Sheet Dienstleistungsstunden
A1: 6.2 | Dienstleistungspauschale außerhalb des Wartungsvertrags
A2: Menge: 100 Dienstleistungsstunden | Flexibler Abruf nach Kundenbedarf
A5: Pos. | B5: Kategorie | C5: Technische Anforderung | D5: Mindestanforderung | E5: A/B Kriterium | F5: Bieterangabe
A6: 1 | B6: Zusätzliche Dienstleistungsstunden | C6: Abruf zusätzlicher Dienstleistungsstunden durch den Auftraggeber während der gesamten Vertragslaufzeit. | D6: Der Auftragnehmer gewährleistet ausreichende personelle Ressourcen für zusätzlich beauftragte Dienstleistungen. Die Terminierung erfolgt nach Einzelbeauftragung und abgestimmter Leistungsplanung. Die Störungs-SLA des Wartungsvertrags gelten nur, soweit die Zusatzleistung ausdrücklich als SLA-relevanter Störungsfall nach Position 6.1 beauftragt bzw. eingeordnet ist. | E6: A
A7: 2 | B7: Leistungsumfang | C7: Der einheitliche Stundensatz gilt für sämtliche Tätigkeiten im Zusammenhang mit dem Vertragsgegenstand, unabhängig von Art und Inhalt der ausgeführten Leistung. | D7: Ein einheitlicher Stundensatz für alle Tätigkeiten ist verpflichtend. | E7: A
A8: 3 | B8: Leistungsort | C8: Der einheitliche Stundensatz gilt unabhängig davon, ob die Leistung remote, telefonisch oder vor Ort erbracht wird. | D8: Eine Differenzierung des Stundensatzes nach Leistungsort oder Erbringungsform ist nicht zulässig. | E8: A
A9: 4 | B9: Nebenkosten | C9: Der angebotene Stundensatz umfasst sämtliche zur Leistungserbringung erforderlichen Aufwendungen einschließlich Anfahrt, Fahrzeit, Reisekosten, Spesen, Nebenkosten und sonstiger Zuschläge. | D9: Eine gesonderte Berechnung von Anfahrt, Fahrzeit, Fahrtkosten, Reisekosten, Spesen, Übernachtungskosten, Nebenkosten oder sonstigen Zuschlägen ist ausgeschlossen. Abrechnungsfähige Arbeitszeit vor Ort beginnt mit der Ankunft des eingesetzten Mitarbeiters am Leistungsort des Auftraggebers und endet mit dessen Verlassen des Leistungsortes nach Abschluss der Leistungserbringung. Sämtliche Reise- und Wegezeiten gelten als mit dem vereinbarten Stundensatz abgegolten und dürfen nicht gesondert in Rechnung gestellt werden. | E9: A
A10: 5 | B10: Abrechnungstakt | C10: Die Abrechnung der tatsächlich beauftragten und erbrachten Leistungen erfolgt in Zeiteinheiten von 15 Minuten. | D10: Die Abrechnung erfolgt je Einzelauftrag mit einer Mindestabrechnung von 30 Minuten. Darüber hinausgehende Leistungen werden ausschließlich in 15-Minuten-Intervallen abgerechnet. Angefangene Intervalle gelten als vollständig erbracht und sind entsprechend zu vergüten. Eine hiervon abweichende Taktung oder Berechnungsmethode ist nicht zulässig. Das Abrechnungsmodell gilt gleichermaßen für Vor-Ort-Einsätze, Remote-Unterstützung, Beratungsleistungen, Projektleistungen sowie sonstige durch den Auftraggeber beauftragte Dienstleistungen. | E10: A
A11: 6 | B11: Abrechnungszeitraum | C11: Die Abrechnung der tatsächlich beauftragten und erbrachten Dienstleistungsstunden erfolgt monatlich. | D11: Die Rechnungsstellung muss monatlich und nachvollziehbar auf Grundlage der tatsächlich erbrachten Leistungen erfolgen. Alle Leistungen, einschließlich der im Wartungsvertrag enthaltenen Leistungen, sind nach Tätigkeit und Zeitaufwand aufzuschlüsseln. | E11: A
A12: 7 | B12: Kalkulatorische Menge | C12: Für die Angebotswertung werden pauschal 100 Dienstleistungsstunden als kalkulatorische Menge angesetzt. | D12: Die Menge von 100 Stunden ist vollständig mit dem angebotenen einheitlichen Stundensatz zu kalkulieren. | E12: A
A13: 8 | B13: Abnahmemenge | C13: Die kalkulatorische Menge dient ausschließlich der Angebotswertung. Die Beauftragung erfolgt bedarfsabhängig durch den Auftraggeber. | D13: Es besteht weder eine Mindestabnahme noch eine Höchstabnahmemenge. Ein Anspruch auf Abnahme der kalkulatorisch angesetzten Stunden besteht nicht. | E13: A
A15: Preisangaben
A16: 1 | B16: Preisangaben | C16: Menge | D16: Angebotsmenge gemäß Leistungsverzeichnis | F16: 100
A17: 2 | B17: Preisangaben | C17: Einheit | D17: Abrechnungseinheit gemäß Leistungsverzeichnis | F17: Stunden
A18: 3 | B18: Preisangaben | C18: Einzelpreis in Euro (netto) | D18: Vom Bieter einzutragender Netto-Einzelpreis
A19: 4 | B19: Preisangaben | C19: Gesamtpreis in Euro (netto) | D19: Automatische Berechnung aus Menge × Einzelpreis | F19: =F16*F18 -> 0
